Cogmind - Beta 16.1 @@@ ROGUE MODE // 2026.01.22 @ 00:35:20 Player: H3-MLN Result: Destroyed by G-73 Enforcer with Heavy Laser Performance ------------- Evolutions (9) 4500 Regions Visited (26) 5200 Robots Destroyed (323) 1615 Value Destroyed (16556) 16556 Prototype IDs (111) 2220 Alien Tech Used (1) 200 Bonus (23194) 23194 TOTAL SCORE: 53485 Bonus ------- Triggered High Security 1500 High Alert Combat Kills 3822 Follower Combat Kills 12185 Hunted by Unchained 1000 Destroyed Unchained 1000 Entered Garrisons 1000 Used RIF Installer 2500 Aligned with FarCom 300 Scanned by Researcher 500 Friendly Fire -613 Cogmind --------- Core Integrity 0/1600 Matter 23/300 Energy 87/100 System Corruption 55% Temperature Cool (18) Movement Treading (145) Location -1/Access Parts ------- > --- POWER (2) -------- (None) > --- PROPULSION (8) --- Advanced Medium Treads > --- UTILITY (9) ------ Structural Scanner > --- WEAPON (6) ------- Z-bomb Delivery System > --- INVENTORY (5) ---- Quantum Reactor Experimental Energy Well (135) Potential Cannon Peak State ------------ > --- POWER ------------ Particle Reactor Quantum Reactor > --- PROPULSION ------- Biometal Heavy Treads Experimental Biometal Heavy Treads Experimental Biometal Heavy Treads > --- UTILITY ---------- Huge Storage Unit Matter Compressor Experimental Terrain Scan Processor SHELL Armor Thermal Barrier Phase Redirector Advanced Corruption Screen > --- WEAPON ----------- Enhanced Nova Cannon 1B-0RG's Assimilator > --- INVENTORY -------- Superbattery Experimental Matter Compressor Precision Matter Filter Heavy Regenerative Plating Phase Armor Long-range Tractor Beam Improved Trap Extractor Trap Reconfigurator Compact HERF Cannon Potential Cannon Disintegrator Gamma Bomb Array Gamma Bomb Array Gamma Bomb Array Scatter Rocket Array Scatter Rocket Array Z-bomb Delivery System Advanced Remote Datajack CPS Tube Segregator Plasma Lance [Rating: 246] Favorites ----------- Power Reinforced Deuterium Engine Engine Reinforced Deuterium Engine Power Core Light Nuclear Core Reactor Particle Reactor Propulsion Armored Treads Treads Armored Treads Leg Improved VSS Leg Wheel Armored Huge Wheel Hover Unit Gravmag System Flight Unit Experimental Surge Thruster Utility Powered Armor Device Improved Transmission Jammer Storage High-capacity Storage Unit Processor Experimental Terrain Scan Processor Hackware Relay Coupler [NC] Protection Powered Armor Artifact Phase Redirector Weapon Autogun Energy Gun Heavy Laser Energy Cannon Enhanced Nova Cannon Ballistic Gun Autogun Ballistic Cannon Hardcell Cannon Launcher Grenade Launcher Special Weapon Remote Datajack Impact Weapon Great Maul Slashing Weapon Segregator Piercing Weapon Plasma Lance Special Melee Weapon 1B-0RG's Assimilator Build | -11 -10 -10 -10 -9 -8 -8 -8 -8 -8 -8 -6 -6 -6 -6 -5 -5 -5 -5 -4 -4 -3 -3 -2 -2 -2 -1 ------- Run | Yrd Mat Min Exi Min Mat Gar Mat Sto Rec Scr Fac Gar Fac Gar Fac Gar Fac Gar Fac Arm Res Tes Res Qua Frg Acc Slots Evolved 18 | . . . . . 4 . . . . . 4 . . . 2 . . . 2 . 2 . 2 . . 2 Power 1 | . . . . . . . . . . . . . . . . . . . 1 . . . . . . . Propulsion 6 | . . . . . 1 . . . . . . . . . 1 . . . . . 2 . . . . 2 Utility 7 | . . . . . 2 . . . . . 1 . . . 1 . . . 1 . . . 2 . . . Weapon 4 | . . . . . 1 . . . . . 3 . . . . . . . . . . . . . . . Parts Attached 270 | 8 7 6 2 2 16 1 5 15 1 2 2 13 1 15 4 6 2 5 19 15 16 17 8 7 16 59 Power 28 | 1 1 1 . . 1 . . 2 . . . 1 . 2 . . . . 2 1 3 1 1 2 2 7 Engine 7 | 1 . 1 . . 1 . . 2 . . . 1 . 1 . . . . . . . . . . . . Core 3 | . 1 . . . . . . . . . . . . 1 . . . . . . 1 . . . . . Reactor 18 | . . . . . . . . . . . . . . . . . . . 2 1 2 1 1 2 2 7 Propulsion 67 | 2 2 1 . 1 5 . 3 5 . . . 2 . 4 . 2 1 1 . 3 1 1 . 1 8 24 Treads 32 | 1 1 1 . 1 4 . 3 3 . . . 1 . . . . . . . 2 1 1 . 1 2 10 Leg 6 | . . . . . . . . . . . . . . . . 2 . . . . . . . . . 4 Wheel 18 | 1 1 . . . 1 . . . . . . 1 . 2 . . 1 1 . 1 . . . . . 9 Hover 3 | . . . . . . . . . . . . . . 2 . . . . . . . . . . . 1 Flight 8 | . . . . . . . . 2 . . . . . . . . . . . . . . . . 6 . Utility 116 | 3 2 2 1 1 5 . 1 3 . 1 . 9 1 5 3 3 . 2 14 7 12 7 3 3 5 23 Device 44 | 2 1 1 . 1 2 . 1 2 . 1 . 2 . 1 2 . . . 6 4 3 1 1 1 1 11 Storage 14 | 1 . 1 1 . . . . . . . . 2 . . . . . . 2 . 1 2 1 . . 3 Processor 8 | . 1 . . . . . . . . . . . . . . . . . 1 1 1 1 1 . . 2 Hackware 26 | . . . . . 1 . . . . . . 3 1 3 1 3 . . 5 1 3 . . . . 5 Protection 23 | . . . . . 2 . . 1 . . . 2 . 1 . . . 2 . 1 4 3 . 1 4 2 Artifact 1 | . . . . . . . . . . . . . . . . . . . . . . . . 1 . . Weapon 59 | 2 2 2 1 . 5 1 1 5 1 1 2 1 . 4 1 1 1 2 3 4 . 8 4 1 1 5 Energy Gun 5 | . 1 . . . . . . 1 . . . . . 1 . . . 1 . . . . . . . 1 Energy Cannon 11 | . . . . . 1 . . . . . . . . . . . . . 1 2 . 3 2 . . 2 Ballistic Gun 12 | 2 1 . . . 4 1 . 2 . . . . . 1 . . . . . . . 1 . . . . Ballistic Cannon 1 | . . . . . . . . . . . . . . 1 . . . . . . . . . . . . Launcher 13 | . . 1 . . . . 1 1 . . 1 . . . . . . . 1 1 . 2 1 1 1 2 Special Weapon 6 | . . . . . . . . . . 1 . . . 1 . 1 . . 1 . . 2 . . . . Impact Weapon 4 | . . 1 . . . . . 1 . . . . . . 1 . 1 . . . . . . . . . Slashing Weapon 3 | . . . . . . . . . . . . 1 . . . . . 1 . . . . 1 . . . Piercing Weapon 1 | . . . . . . . . . . . . . . . . . . . . 1 . . . . . . Special Melee Weapon 3 | . . . 1 . . . . . 1 . 1 . . . . . . . . . . . . . . . Unidentified Prototypes 40 | . . . . . . . . 5 . . 1 . . . . . . . 2 7 1 13 1 2 4 4 Corrupted Parts 7 | . . . . . . . . . . . . . . . . . . . . . . . . . 6 1 System Corruption 70 | . . . . . . . . . . . . . . . . . . . . . . . . . 60 10 Parts Lost 85 | . 3 4 . . . . . 1 . . . 2 . 6 . . . . 6 3 1 . 2 1 8 48 Power 13 | . . 1 . . . . . . . . . . . 1 . . . . 1 1 . . . . 3 6 Propulsion 29 | . 1 1 . . . . . . . . . . . 3 . . . . . . . . . . 3 21 Utility 29 | . 1 . . . . . . . . . . 1 . 2 . . . . 5 2 1 . 2 1 1 13 Weapon 14 | . 1 2 . . . . . 1 . . . 1 . . . . . . . . . . . . 1 8 Highest Loss Streak 11 | . 2 4 . . . . . 1 . . . 1 . 3 . . . . 3 2 1 . 2 1 7 11 To Critical Strikes . | . . . . . . . . . . . . . . . . . . . . . . . . . . . Average Backups 19 | 3 7 7 11 17 18 19 20 19 20 19 16 18 19 19 19 18 18 19 18 23 23 23 21 21 20 18 Power . | . 1 . 1 3 3 3 2 2 2 . . . . . . . . . . . . . . . . 1 Propulsion 1 | 1 3 2 2 2 1 1 1 2 3 3 3 . 1 . . . . . . 1 . . . . . . Utility 10 | . . 3 7 11 9 10 11 9 10 11 10 12 13 15 16 15 15 14 11 13 13 12 8 7 9 9 Weapon 4 | . 1 . . . 3 4 4 4 3 4 . 1 2 1 1 1 1 2 4 6 7 8 10 10 8 6 Tool/Special . | . . . . . . . . . . . . . . . . . . . . . . . . . . . Unused Backups 55 | . 3 2 . . 2 . 3 2 . 4 . 6 . 1 . . . 1 2 4 2 3 . . 5 15 Power 10 | . 1 . . . . . 1 . . 2 . . . . . . . . . . . 1 . . . 5 Propulsion 6 | . 2 . . . . . . . . . . 1 . . . . . . 1 . . . . . 1 1 Utility 31 | . . 2 . . 2 . 1 1 . 2 . 3 . 1 . . . 1 1 4 2 2 . . 2 7 Weapon 5 | . . . . . . . . 1 . . . 2 . . . . . . . . . . . . 1 1 Tool/Special 3 | . . . . . . . 1 . . . . . . . . . . . . . . . . . 1 1 Average Slot Usage (%) 76 | . 99 97 100 100 96 100 100 99 100 99 90 69 66 59 56 68 70 69 67 67 63 59 58 59 61 57 Engine 4 | . 6 11 14 14 9 9 9 8 9 9 6 6 6 3 5 5 5 5 7 4 . . . . . . Reactor 2 | . . . . . . . . . . . . . . . . . . . 2 5 7 9 8 7 7 6 Treads 13 | . 14 13 14 14 22 27 27 27 27 27 20 10 6 2 . . . . . . 14 14 13 13 12 9 Leg 1 | . . . . . . . . . . . . . . . . 9 6 4 . . . . . . . 2 Wheel 3 | . 13 14 14 14 4 . . . . . . 4 6 4 5 5 9 11 10 9 . . . . . . Device 8 | . 10 8 14 14 17 18 9 9 9 9 6 3 13 6 9 11 11 11 9 8 7 8 14 7 4 4 Storage 7 | . 14 14 14 14 9 9 9 9 9 9 6 9 6 12 5 5 5 5 5 5 4 4 4 5 11 5 Processor 1 | . 3 5 . . . . . . . . . . . . . . . . 1 2 4 5 4 8 3 2 Hackware 3 | . . . . . 5 . . . . . . 3 6 7 11 10 11 3 14 16 10 . . . . 3 Protection 9 | . . . . . 1 9 17 18 18 17 18 16 6 4 5 5 5 13 3 2 3 5 4 4 6 8 Energy Cannon 1 | . . . . . 3 . . . . . . . . . . . . . . 2 3 . . 3 4 4 Ballistic Gun 7 | . 27 6 . . 16 21 26 25 19 18 6 . . . . . . . . . . . . . . . Impact Weapon 2 | . . 10 1 14 3 3 . . 7 . 5 5 6 4 . 2 2 2 2 1 . . . . . . Special Melee Weapon 3 | . . . 12 . . . . . . 6 . 5 6 5 5 5 5 5 5 4 3 3 3 3 2 . Peak Build Rating 246 | 7 10 10 14 15 33 30 38 40 40 41 102 111 110 111 106 117 115 116 136 155 196 218 238 246 246 244 Average Rating 109 | 5 8 9 11 13 25 29 32 34 40 39 55 99 110 91 102 113 112 113 126 138 185 207 232 237 216 172 On Entrance 86 | . 7 10 10 14 13 30 30 31 40 40 41 55 110 110 103 103 114 112 116 136 97 195 217 228 246 119 Avg Prop Armor Cover (%) 8 | 11 10 11 12 12 16 . . . . . . 5 7 8 . 5 2 2 . . . 5 . . 2 18 Naked Turns . | . . . . . . . . . . . . . . . . . . . . . . . . . . . Heaviest Build 256 | 15 15 31 51 51 77 69 78 83 84 85 96 150 135 141 127 123 123 132 178 184 200 224 237 237 242 256 Greatest Support 310 | 20 20 20 10 10 69 69 69 69 60 60 60 60 28 28 28 28 38 56 56 155 230 235 235 245 245 310 Greatest Overweight (x) 41 | 1 1 3 5 5 5 . 1 1 1 1 1 5 4 20 4 4 4 3 3 3 . 1 1 . 5 41 Average Overweight (x) 1 | . . 1 2 5 2 . . . 1 1 1 3 4 4 4 4 3 2 2 2 . . . . . 1 Largest Inventory Capacity 25 | 8 8 15 20 20 20 20 20 20 20 20 20 20 20 20 20 20 20 20 25 25 25 25 25 25 25 25 Average Capacity 20 | 7 8 9 16 20 20 20 20 20 20 20 20 20 20 20 20 20 20 20 20 25 25 25 25 25 25 24 Most Carried 25 | 6 8 8 17 19 20 20 20 20 20 20 20 20 20 20 20 20 19 20 25 25 25 25 25 25 25 25 Average Carried 20 | 3 7 7 11 17 18 19 19 19 20 19 19 19 20 19 19 18 18 19 19 24 23 24 24 24 24 23 Final Capacity 25 | 8 8 15 20 20 20 20 20 20 20 20 20 20 20 20 20 20 20 20 25 25 25 25 25 25 25 5 Final Carried 25 | 6 8 8 17 19 20 20 20 20 20 20 20 20 20 20 20 18 18 20 25 23 24 25 24 25 25 4 Class Distribution -------------------- 24% | Mutant 22% | Bothacker-Mutant 12% | Scavenger-Mutant 10% | Tank 10% | Commander-Mutant 5% | Botlord-Mutant 4% | Commander-Tank Dominant Class ---------------- Mutant | -10/Materials Mutant | -10/Mines Scavenger-Mutant | -10/Exiles Mutant | -9/Mines Skirmisher | -8/Materials Skirmisher | -8/Garrison Tank | -8/Materials Tank | -8/Storage Commander-Mutant | -8/Recycling Commander-Mutant | -8/Scraptown Commander-Tank | -6/Factory Bothacker-Mutant | -6/Garrison Bothacker-Mutant | -6/Factory Bothacker-Mutant | -6/Garrison Bothacker-Mutant | -5/Factory Bothacker-Mutant | -5/Garrison Botlord-Mutant | -5/Factory Botlord-Mutant | -5/Garrison Bothacker-Mutant | -4/Factory Bothacker-Mutant | -4/Armory Mutant | -3/Research Mutant | -3/Testing Mutant | -2/Research Mutant | -2/Quarantine Scavenger-Mutant | -2/Protoforge Scavenger-Mutant | -1/Access Resources | -11 -10 -10 -10 -9 -8 -8 -8 -8 -8 -8 -6 -6 -6 -6 -5 -5 -5 -5 -4 -4 -3 -3 -2 -2 -2 -1 ----------- Run | Yrd Mat Min Exi Min Mat Gar Mat Sto Rec Scr Fac Gar Fac Gar Fac Gar Fac Gar Fac Arm Res Tes Res Qua Frg Acc Matter Collected 32681 | 295 395 156 40 70 236 187 485 1326 56 71 200 2915 . 1344 68 1252 110 727 2862 1162 1032 2277 1760 3655 2934 7066 Remotely 6954 | 148 . . . . . . . . . . . . . . . . . . . . 182 . 359 1300 1752 3213 Salvage Created 15554 | 97 842 190 . 186 179 201 691 1514 321 . . 777 . 619 . 122 . 254 536 194 417 489 704 804 768 5649 Parts 711 | 8 41 11 . 12 10 15 41 79 9 . . 23 . 22 . 10 . 6 9 11 23 22 17 21 41 280 Haulers Intercepted 8 | . 2 . . . . . . 4 . . . . . . . . . . . . . . . . . 2 Recyclers Shooed 10 | . 1 . . 1 . . . 1 1 . . . . . . . . . . . . . 1 . . 5 Parts Field Recycled 54 | . . . . . . . . . . 17 . 36 . . . . . . . . . . . . . 1 Retrieved Matter 970 | . . . . . . . . . . 70 . 869 . . . . . . . . . . . . . 31 Parts Self-Destructed . | . . . . . . . . . . . . . . . . . . . . . . . . . . . Prevented . | . . . . . . . . . . . . . . . . . . . . . . . . . . . Parts Restored . | . . . . . . . . . . . . . . . . . . . . . . . . . . . Kills | -11 -10 -10 -10 -9 -8 -8 -8 -8 -8 -8 -6 -6 -6 -6 -5 -5 -5 -5 -4 -4 -3 -3 -2 -2 -2 -1 ------- Run | Yrd Mat Min Exi Min Mat Gar Mat Sto Rec Scr Fac Gar Fac Gar Fac Gar Fac Gar Fac Arm Res Tes Res Qua Frg Acc Combat Hostiles Destroyed 197 | . 12 4 . 2 5 8 10 19 . . . 7 . 5 . 7 . 1 . 5 3 3 5 14 14 73 Melee 14 | . . 1 . 1 . . . . . . . . . 2 . . . 1 . . . 3 1 3 1 1 Guns 51 | . 12 3 . . 2 4 7 19 . . . . . . . . . . . . . . . . . 4 Cannons 27 | . . . . . 1 . . . . . . . . 1 . . . . . 2 3 . . 2 3 15 AOE 69 | . . . . 1 2 4 3 . . . . 3 . . . 7 . . . 3 . . 1 7 9 29 Classes Destroyed 23 | 2 4 . . 2 2 . 1 . . . . 2 . 1 . . . . . . . . . 2 3 4 Worker 18 | . . . . 3 . . . 2 . . . . . . . . . . . . 3 1 . 2 . 7 Builder 25 | . . . . 3 . . . 2 . . . . . . . . . . 3 . 1 . . . 1 15 Tunneler 6 | 3 . . . 1 . . . . . . . . . . . . . . 1 . . . . . . 1 Hauler 8 | . 2 . . . . . . 4 . . . . . . . . . . . . . . . . . 2 Recycler 29 | 1 1 . . . . . 4 3 4 . . . . . . . . . 4 . 2 2 2 . . 6 Mechanic 2 | . . . . . . . . . . . . . . . . . . . . . . . . 1 . 1 Operator 6 | . 2 . . . . . 1 2 . . . . . . . . . . . . . 1 . . . . Drone 2 | . . . . . . . . . . . . . . . . . . . . . . . . . 1 1 Turret 17 | . . . . . . . . . . . . . . . . . . . . . . . . . . 17 Watcher 11 | . 3 . . . . . . 2 . . . . . . . . . . . . 1 . 1 . 1 3 Swarmer 40 | . . . . . 2 4 3 3 . . . 3 . . . 5 . . . 4 3 . . 8 . 5 Cutter 2 | . . . . . . . . . . . . 2 . . . . . . . . . . . . . . Grunt 74 | . 12 4 . 2 1 4 1 7 1 . . . . 2 . 2 . 1 . 1 . . 1 5 . 30 Brawler 4 | . . . . . . . . . . . . . . . . . . . . . . . . . . 4 Duelist 2 | . . . . . . . . . . . . . . . . . . . . . . . . . . 2 Protector 1 | . . . . . . . . . . . . . . . . . . . . . . . . . . 1 Sentry 19 | . . . . . 2 . 4 7 . . . 2 . 1 . . . . . . . . . . 1 2 Specialist 4 | . . . . . . . . . . . . . . . . . . . . . . . . . 2 2 Hunter 19 | . . . . . . . 2 2 . . . . . . . . . . . . . 1 3 . . 11 Programmer 20 | . . . . . . . . . . . . . . 2 . . . . . 1 . 2 . . 4 11 Q-Series 5 | . . . . . . . . . . . . . . . . . . . . . . . . . 1 4 Behemoth 1 | . . . . . . . . . . . . 1 . . . . . . . . . . . . . . Decapitator 5 | . . . . . . . . . . . . . . . . . . . . . . . . . 5 . Fortress 1 | . . . . . . . . . . . . . . . . . . . . . . . . 1 . . Thug 2 | . . . . . . . . . . . . . . . . . . . . . . . . . . 2 Best Kill Streak 14 | 2 3 1 . 3 2 4 5 5 2 . . 2 . 3 . 7 . 1 3 4 3 3 4 11 8 14 Combat Bots Only 11 | . 3 1 . 2 2 4 3 4 . . . 2 . 3 . 7 . 1 . 4 3 2 4 8 8 11 Max Kills in Single Turn 10 | 1 1 1 . 1 2 3 2 2 1 . . 2 . 1 . 3 . 1 1 2 1 1 2 10 3 6 Gunslinging . | . . . . . . . . . . . . . . . . . . . . . . . . . . . Exploded 7 | . . . . 1 2 3 2 . . . . 2 . . . 3 . . . 2 . . 1 7 3 3 Melee 1 | . . 1 . 1 . . . . . . . . . 1 . . . 1 . . . 1 1 1 1 1 Uniques/NPCs Destroyed 1 | . . . . . . . . . . . . . . . . . . . . . . . 1 . . . 6S-H0T (-2/Research) Combat | -11 -10 -10 -10 -9 -8 -8 -8 -8 -8 -8 -6 -6 -6 -6 -5 -5 -5 -5 -4 -4 -3 -3 -2 -2 -2 -1 -------- Run | Yrd Mat Min Exi Min Mat Gar Mat Sto Rec Scr Fac Gar Fac Gar Fac Gar Fac Gar Fac Arm Res Tes Res Qua Frg Acc Hostile Shots Fired 2446 | . 62 38 . 6 9 16 37 69 8 . . 151 . 122 . 22 5 8 68 67 57 98 88 71 559 885 Missed 748 | . 16 11 . 2 4 2 6 14 3 . . 52 . 31 . 6 1 1 20 19 20 29 17 14 239 241 Hits 1698 | . 46 27 . 4 5 14 31 55 5 . . 99 . 91 . 16 4 7 48 48 37 69 71 57 320 644 Melee 28 | . . . . . . . . . . . . 1 . . . . . 1 . . . . . . 14 12 Projectile 1670 | . 46 27 . 4 5 14 31 55 5 . . 98 . 91 . 16 4 6 48 48 37 69 71 57 306 632 AOE 16 | . . . . . . . . . . . . 5 . . . . . . 3 1 1 . . 1 2 3 Critical Strikes 97 | . 1 1 . . 1 . . 2 . . . 3 . 4 . 1 . 1 2 2 4 6 7 10 22 30 Actively Blocked 1 | . . . . . . . . . . . . . . . . . . . . . . . . . . 1 Part Disruptions 12 | . . . . . . . . . . . . . . . . . . . . . . 2 1 1 3 5 Damage Taken 34107 | . 612 397 . 84 94 206 472 545 111 . . 1494 . 1327 . 331 215 162 1310 1007 536 780 1203 1100 5506 16615 Core 2955 | . 133 97 . . 32 . 59 41 . . . 65 . 130 . 42 49 . 149 64 15 48 . 144 273 1614 Absorbed by Shields 2594 | . . . . . . . 7 203 . . . . . . . 50 . . 30 296 376 694 809 129 . . Reduced by Siege Mode 82 | . . . . . . . . . . . . . . . . . . . . . . . . . . 82 Redirected to Core 177 | . . . . . . . . . . . . . . . . . . . . . . . . 87 90 . Redirected to Shielding 331 | . . . . . . . . . . . . . . . . . . . 32 . . . . . 147 152 Ignored by Resistances 879 | . . . . . . . . . . . . . . . . . . 9 136 . 52 . 60 258 364 . Regen/Repaired (Parts) 9584 | . . . . . . . . 99 . . . 29 70 165 . 96 . 127 784 57 226 295 532 571 1029 5504 Core Remaining (%) 74 | 100 . . . 8 . . . . . 76 . . . 77 . . . 90 . 81 . 95 . . 71 . Volleys Fired 837 | 13 61 19 . 2 13 13 26 88 4 . 1 22 . 62 . 20 10 39 42 19 29 7 12 33 43 259 Largest 3 | 2 2 2 . 1 3 3 3 3 3 . 1 1 . 1 . 1 1 1 1 1 1 1 1 1 1 2 Hottest 320 | 40 70 40 . 30 86 76 69 69 69 . 5 30 . 69 . 30 5 69 69 90 90 90 200 120 200 320 Shots Fired 1196 | 26 122 38 . 2 29 37 72 258 9 . 1 22 . 61 . 20 10 39 42 19 29 7 12 33 43 265 Gun 735 | 26 122 38 . . 21 35 69 258 9 . . . . 54 . . . 35 10 . . . . . . 58 Cannon 279 | . . . . . 6 . . . . . . . . 3 . . . . . 9 29 4 4 32 38 154 Launcher 90 | . . . . 2 2 2 3 . . . . 2 . . . 6 . . 7 1 . . 6 1 5 53 Special 92 | . . . . . . . . . . . 1 20 . 4 . 14 10 4 25 9 . 3 2 . . . Kinetic 603 | 26 116 38 . . 21 35 69 255 9 . . . . 34 . . . . . . . . . . . . Thermal 281 | . 6 . . . . . . 3 . . . . . 23 . . . 35 10 9 29 4 1 9 32 120 Explosive 53 | . . . . 2 2 2 3 . . . . 2 . . . 6 . . 7 1 . . 2 1 2 23 Electromagnetic 167 | . . . . . 6 . . . . . . . . . . . . . . . . . 7 23 9 122 Robot Hit Streak 39 | 7 11 9 . . 8 8 8 20 3 . 1 10 . 39 . 13 4 21 22 9 10 13 2 3 7 13 Robot Miss Streak 10 | 2 2 4 . . 1 3 2 5 2 . . 1 . 1 . 1 1 1 1 1 1 . 7 10 6 10 Penetration Max 1 | . . . . . . . . . . . . . . . . . . . . . . . . . . 1 Secondary Targets 6 | . 3 . . . . 1 . 2 . . . . . . . . . . . . . . . . . . Max Gunslinging Chain 1 | . 1 . . . . 1 . 1 . . . . . . . . . . . . . . . . . . Shots Hit Robots 931 | 17 88 27 4 11 23 25 47 160 11 1 1 66 . 81 . 14 8 39 35 13 19 24 10 19 24 164 Core Hits 646 | 4 39 9 . 7 7 12 30 57 6 . . 16 . 26 . 26 . 11 17 5 8 7 23 42 38 256 Critical Kills 15 | . . . . 1 . . . 1 . . . . . 2 . . . . . . . . . 1 2 8 Critical Parts Destroyed 17 | . 2 . . 1 . . . . . . . 4 . 8 . . . . 1 1 . . . . . . Critical Strikes 51 | . 2 . . 2 . . . 1 . . . 7 . 14 . . . 3 1 1 . 2 . 3 3 12 Burn 6 | . . . . . . . . . . . . . . 3 . . . 3 . . . . . . . . Meltdown 11 | . . . . . . . . . . . . . . . . . . . . . . . . 1 2 8 Destroy 3 | . 2 . . . . . . 1 . . . . . . . . . . . . . . . . . . Corrupt 5 | . . . . . . . . . . . . . . . . . . . . . . . . 1 1 3 Smash 19 | . . . . 2 . . . . . . . 4 . 11 . . . . 1 1 . . . . . . Sever 3 | . . . . . . . . . . . . 3 . . . . . . . . . . . . . . Impale 4 | . . . . . . . . . . . . . . . . . . . . . . 2 . 1 . 1 Melee Attacks 319 | . . 5 4 12 . 6 5 7 5 1 . 74 4 49 . 34 2 15 9 2 6 34 12 5 3 25 Thermal 9 | . . . . . . . . . . . . . . . . . . 5 . . . . 3 . . 1 Impact 194 | . . 5 . 12 . 6 5 7 5 . . 44 4 49 . 34 2 10 9 2 . . . . . . Slashing 30 | . . . . . . . . . . . . 30 . . . . . . . . . . . . . . Piercing 81 | . . . . . . . . . . . . . . . . . . . . . 6 34 9 5 3 24 Sneak Attacks 48 | . . . 4 8 . . . . 4 1 . 2 . . . . 1 . 8 2 4 4 3 2 1 4 Combat Hostiles . | . . . . . . . . . . . . . . . . . . . . . . . . . . . Follow-up Attacks 1 | . . . . . . . . . . . . . . . . . . . . . . . . . . 1 Damage Inflicted 44892 | 214 1040 396 . 575 515 567 911 2529 522 . . 1969 . 1914 . 919 98 714 1527 528 1042 1097 1133 1658 2463 22561 Guns 8387 | 214 1029 238 . . 278 378 701 2524 138 . . . . 654 . . . 657 152 . . . . . . 1424 Cannons 5772 | . . . . . 131 . . . . . . . . 136 . . . . . 130 498 . . 497 841 3539 Explosions 22767 | . . . . 91 106 189 210 . . . . 240 . . . 877 . . 670 213 95 . 808 894 1558 16816 Melee 7943 | . . 158 . 484 . . . . 384 . . 1729 . 1124 . 42 98 57 705 185 449 1097 325 267 64 775 Ramming 23 | . 11 . . . . . . 5 . . . . . . . . . . . . . . . . . 7 Kinetic 5767 | 214 968 238 . . 278 378 701 2504 138 . . . . 348 . . . . . . . . . . . . Thermal 7143 | . 61 . . . . . . 20 . . . . . 442 . . . 657 285 281 593 . 22 170 1311 3301 Explosive 16905 | . . . . 91 106 189 210 . . . . 240 . . . 877 . . 537 62 . . 250 894 344 13105 Electromagnetic 7111 | . . . . . 131 . . . . . . . . . . . . . . . . . 536 327 744 5373 Impact 4220 | . . 158 . 484 . . . . 384 . . 983 . 1124 . 42 98 57 705 185 . . . . . . Slashing 746 | . . . . . . . . . . . . 746 . . . . . . . . . . . . . . Piercing 2977 | . . . . . . . . . . . . . . . . . . . . . 449 1097 325 267 64 775 Highest Corruption 72 | . . . . . . . . . . . . 2 2 4 . . . . . 1 1 4 . . 72 55 Average Corruption 8 | . . . . . . . . . . . . 1 2 3 . . . . . 1 1 2 . . 44 18 Corruption Purged . | . . . . . . . . . . . . . . . . . . . . . . . . . . . Corruption Blocked 20 | . . . . . . . . . . . . . . . . . . . . . . . . 3 17 . Effects 211 | . . . . . . . . . . . . 21 2 41 . . . . . 1 4 10 . . 10 122 Message Errors 42 | . . . . . . . . . . . . 5 1 12 . . . . . 1 3 1 . . . 19 Matter Fused 46 | . . . . . . . . . . . . 5 1 11 . . . . . . 1 2 . . 3 23 Heat Flow Errors 22 | . . . . . . . . . . . . 3 . 8 . . . . . . . 2 . . 1 8 Energy Discharges 25 | . . . . . . . . . . . . 4 . . . . . . . . . 2 . . 1 18 Parts Rejected 8 | . . . . . . . . . . . . . . . . . . . . . . . . . . 8 Parts Fused 1 | . . . . . . . . . . . . . . . . . . . . . . . . . 1 . Data Loss (minor) 29 | . . . . . . . . . . . . 2 . 5 . . . . . . . 3 . . . 19 Data Loss (major) 9 | . . . . . . . . . . . . 2 . 4 . . . . . . . . . . 2 1 Misfires 4 | . . . . . . . . . . . . . . . . . . . . . . . . . 1 3 Alerts 3 | . . . . . . . . . . . . . . . . . . . . . . . . . . 3 Misdirections 4 | . . . . . . . . . . . . . . . . . . . . . . . . . . 4 Weapon Failures 18 | . . . . . . . . . . . . . . 1 . . . . . . . . . . 1 16 Overload Shots . | . . . . . . . . . . . . . . . . . . . . . . . . . . . Overflow Damage 3326 | . . . . 131 22 5 . . 157 . . 254 . 513 . 50 . . 346 81 198 135 39 119 198 1078 Projectiles 349 | . . . . . 22 . . . . . . . . 27 . . . . . . 28 . . 23 139 110 Explosions 1049 | . . . . . . 5 . . . . . . . . . 50 . . 37 7 6 . . 25 59 860 Melee 1928 | . . . . 131 . . . . 157 . . 254 . 486 . . . . 309 74 164 135 39 71 . 108 Knockbacks 16 | . . . . 4 . . . . 1 . . . . 5 . . 1 . 3 2 . . . . . . Impact 15 | . . . . 4 . . . . 1 . . . . 4 . . 1 . 3 2 . . . . . . Kinetic . | . . . . . . . . . . . . . . . . . . . . . . . . . . . Secondary 1 | . . . . . . . . . . . . . . 1 . . . . . . . . . . . . Self-Inflicted Damage 1115 | . 5 . . 20 29 . 73 . . . . 37 . . . 17 . . . . 13 . 22 . 211 688 Shots 62 | . . . . 1 1 . 2 . . . . 1 . . . 1 . . . . 1 . 3 . 11 41 Rammed 2 | . 1 . . . . . . . . . . . . . . . . . . . . . . . . 1 Targets Rammed 3 | . 1 . . . . . . 1 . . . . . . . . . . . . . . . . . 1 Kicked . | . . . . . . . . . . . . . . . . . . . . . . . . . . . Crushed 1 | . . . . . . . . 1 . . . . . . . . . . . . . . . . . . Highest Temperature 426 | . 51 38 . . 3 5 1 426 47 . . 206 . 279 . 11 . 120 225 162 170 197 148 . 201 369 Average Temperature 77 | . 12 14 . . 3 5 1 95 17 . . 85 . 71 . 11 . 28 106 59 45 76 74 . 35 93 Received Heat Transfer 4162 | . 354 252 . 36 45 108 33 179 27 . . 177 . 370 . 105 18 36 222 172 40 10 64 90 378 1446 Effects 8 | . . . . . . . . 6 . . . . . . . . . . . . . . . . . 2 Shutdowns 1 | . . . . . . . . 1 . . . . . . . . . . . . . . . . . . Energy Bleed 7 | . . . . . . . . 5 . . . . . . . . . . . . . . . . . 2 Siege Activations 4 | . . . . . . . . . . . . . . . . . . . . . . . . . . 4 Total Turns 49 | . . . . . . . . . . . . . . . . . . . . . . . . . . 49 Longest Duration 19 | . . . . . . . . . . . . . . . . . . . . . . . . . . 19 Martial Activations . | . . . . . . . . . . . . . . . . . . . . . . . . . . . Shielding Activations . | . . . . . . . . . . . . . . . . . . . . . . . . . . . Robots Disrupted . | . . . . . . . . . . . . . . . . . . . . . . . . . . . Combat Hostiles . | . . . . . . . . . . . . . . . . . . . . . . . . . . . Robots Corrupted 43 | . . . . 4 . . . . 1 . . 6 . 3 . . . . 5 1 . . 3 1 . 19 Combat Hostiles 28 | . . . . . . . . . . . . 5 . 2 . . . . . . . . 3 1 . 17 Parts Fried 87 | . . . . 8 . . . . 2 . . 3 . 2 . . . . 14 2 . . 5 5 3 43 Impact Corruptions 48 | . . . . 7 . . . . 4 . . 10 . 15 . . . . 10 2 . . . . . . Robots Melted 11 | . . . . . . . . . . . . . . . . . . . . . . . . 1 2 8 Combat Hostiles 9 | . . . . . . . . . . . . . . . . . . . . . . . . 1 1 7 Parts Melted 46 | . 1 . . . . . . . . . . . . . . . . . . . . . . . 13 32 Heat Transferred 7438 | . 185 . . . . . . 37 . . . . . 1073 . . . 1517 396 100 100 . 80 184 1073 2693 Parts Sabotaged 2 | . . . . . . . . . . . . . . . . . . . . . . . . . . 2 Parts Stolen . | . . . . . . . . . . . . . . . . . . . . . . . . . . . Parts Stripped . | . . . . . . . . . . . . . . . . . . . . . . . . . . . Power Chain Reactions 11 | . . . . . . . . . . . . . . . . . . . . 1 1 . . . 2 7 Alert | -11 -10 -10 -10 -9 -8 -8 -8 -8 -8 -8 -6 -6 -6 -6 -5 -5 -5 -5 -4 -4 -3 -3 -2 -2 -2 -1 ------- Run | Yrd Mat Min Exi Min Mat Gar Mat Sto Rec Scr Fac Gar Fac Gar Fac Gar Fac Gar Fac Arm Res Tes Res Qua Frg Acc Maximum Alert Level 5 | . . . . . . 1 1 1 . . . 4 3 5 4 5 5 5 4 5 4 2 3 2 3 5 Low Security (%) 35 | 100 100 100 . 100 100 41 80 62 100 . 100 20 . . . . . . . . 63 75 . 25 18 7 Level 1 18 | . . . . . . 58 19 37 . . . 3 . . . . . . 30 . 8 4 11 67 3 61 Level 2 17 | . . . . . . . . . . . . 59 60 5 . . . . 25 22 . 19 87 6 63 11 Level 3 7 | . . . . . . . . . . . . 10 39 15 . 6 . . 40 33 21 . . . 13 5 Level 4 9 | . . . . . . . . . . . . 5 . 12 100 25 81 68 3 3 6 . . . . 6 Level 5 11 | . . . . . . . . . . . . . . 66 . 67 . 31 . 21 . . . . . 3 High Security 1 | . . . . . . . . . . . . . . . . . 18 . . 20 . . . . . 4 Max Security . | . . . . . . . . . . . . . . . . . . . . . . . . . . . Peak Influence 2399 | 5 117 65 . 63 117 297 269 259 114 . 18 1214 728 2399 1274 2301 1668 1654 1156 2178 1132 589 719 417 767 2008 Initial 1259 | . . 25 . . . 44 144 21 78 . . 5 637 503 1259 875 1207 1167 868 562 1132 58 328 404 184 447 Average 598 | 1 49 18 . 9 47 175 159 132 37 . 2 513 693 1719 1228 1784 1384 1499 632 1309 312 145 459 271 440 515 Influence Increases 21284 | 20 400 100 . 98 182 253 330 695 460 . 18 1754 142 1996 171 1586 711 647 1704 1938 385 1010 1099 917 1510 3158 Destroy 0b10 Robot/C 9540 | . 240 80 . 40 120 160 200 380 80 . . 680 40 640 60 600 340 360 640 820 160 480 500 560 740 1620 Destroy 0b10 Robot/NC 765 | 20 40 . . 35 . . 25 75 20 . . 25 5 30 . . 20 10 90 10 45 35 30 25 25 200 Destroy Leader 1602 | . 70 20 . 10 20 . 70 132 . . . 20 22 70 10 40 64 30 174 154 22 64 92 42 156 320 Allied During Kill 3732 | . . . . . 7 . . . 65 . . 301 52 417 43 338 208 109 414 783 33 256 220 129 290 67 Trap Triggered on 0b10 40 | . . . . . . . . . . . . . . . . . . . . 10 . . 10 . 20 . Successful Hack 318 | . 34 . . . 11 28 7 11 25 . 18 7 14 16 16 . 5 14 24 . 48 4 4 32 . . Select Force Hacks 270 | . . . . . . . . . 270 . . . . . . . . . . . . . . . . . Disable Machine 825 | . . . . . 15 . . 75 . . . 45 . 60 . 15 15 . 135 90 . 75 90 45 90 75 Anti-Garrison Action 1650 | . . . . . . 50 . . . . . 500 . 550 . 350 . 50 . . . . . . . 150 Destroy Structure 2002 | . 1 . . 13 9 15 28 7 . . . 131 9 213 42 243 44 59 122 56 32 36 138 69 174 561 Partial Spotted 30 | . 15 . . . . . . . . . . . . . . . . 15 . . . . . . . . Lose Combat Pursuer 510 | . . . . . . . . 15 . . . 45 . . . . 15 . 105 15 45 60 15 15 15 165 Influence Decreases 19261 | 20 335 165 . 98 114 24 575 546 661 . 10 548 637 316 1320 535 1344 661 2210 928 2439 529 965 1307 1093 1881 Entered New Map 7737 | . . 40 . . . 24 153 31 123 . . 3 577 216 1140 375 1094 501 786 586 1026 46 257 315 145 299 Time Decay 6239 | 20 305 85 . 98 94 . 422 505 488 . 10 . 60 . 180 . 130 . 494 222 493 403 568 482 478 702 Lost Part 850 | . 30 40 . . . . . 10 . . . 20 . 60 . . . . 60 30 10 . 20 10 80 480 Lost Ally 2560 | . . . . . 20 . . . 50 . . 250 . 40 . 160 120 160 320 90 160 80 120 350 240 400 Purge Threat 1875 | . . . . . . . . . . . . 275 . . . . . . 550 . 750 . . 150 150 . Squads Dispatched 91 | . 3 . . . 2 . . 3 . . . . . . 2 . 5 . 8 7 7 6 8 10 7 23 Investigation 6 | . 1 . . . . . . . . . . . . . . . 2 . . . . . 1 1 . 1 Extermination 23 | . . . . . . . . . . . . . . . . . . . 2 1 3 2 3 4 3 5 Reinforcement 39 | . 2 . . . . . . 3 . . . . . . 1 . . . 6 2 2 4 4 5 3 7 Assault 15 | . . . . . . . . . . . . . . . 1 . . . . 4 . . . . 1 9 Garrison 8 | . . . . . 2 . . . . . . . . . . . 3 . . . 2 . . . . 1 Intercept . | . . . . . . . . . . . . . . . . . . . . . . . . . . . Searches Triggered . | . . . . . . . . . . . . . . . . . . . . . . . . . . . Unchained Authorized 2 | . . . . . . . . . . . . . . . . . . . . . . . 1 . . 1 Construction Impeded 4 | . . . . . . . . . . . . . . . . . . . 1 . . . . . . 3 Haulers Reinforced 4 | . . . . . . . . . . . . . . . . . . . . . . 1 2 1 . . Active Scanning Responses . | . . . . . . . . . . . . . . . . . . . . . . . . . . . Cargo Convoy Interrupts . | . . . . . . . . . . . . . . . . . . . . . . . . . . . Stealth | -11 -10 -10 -10 -9 -8 -8 -8 -8 -8 -8 -6 -6 -6 -6 -5 -5 -5 -5 -4 -4 -3 -3 -2 -2 -2 -1 --------- Run | Yrd Mat Min Exi Min Mat Gar Mat Sto Rec Scr Fac Gar Fac Gar Fac Gar Fac Gar Fac Arm Res Tes Res Qua Frg Acc Distress Signals 22 | . 1 . . . . . . 1 . . . . 2 . . . 2 . 4 3 1 . 2 1 1 4 Communications Jammed 51 | . . . . . . . . . . . . . . . . . 41 . 10 . . . . . . . Distress Signals 41 | . . . . . . . . . . . . . . . . . 41 . . . . . . . . . Times Spotted 725 | . 19 4 . 1 6 5 14 27 4 . 1 43 3 19 3 30 12 12 52 43 28 35 31 49 59 225 Peak Tracking Total 15 | . 3 2 . 1 3 2 3 4 3 . 1 7 2 6 1 7 4 3 9 10 4 4 4 5 14 15 Tactical Retreats 45 | . . . . . . . . 1 . . . 3 . . . . 1 . 3 1 2 2 1 1 1 29 Traps | -11 -10 -10 -10 -9 -8 -8 -8 -8 -8 -8 -6 -6 -6 -6 -5 -5 -5 -5 -4 -4 -3 -3 -2 -2 -2 -1 ------- Run | Yrd Mat Min Exi Min Mat Gar Mat Sto Rec Scr Fac Gar Fac Gar Fac Gar Fac Gar Fac Arm Res Tes Res Qua Frg Acc Traps Triggered 21 | . 1 . . . . . . . . . . 4 . 4 . 3 1 3 . 2 . . . . 2 1 Indirectly 1 | . . . . . . . . . . . . . . . . . . . . . . . . . . 1 Trap Hack Attempts . | . . . . . . . . . . . . . . . . . . . . . . . . . . . Triggered . | . . . . . . . . . . . . . . . . . . . . . . . . . . . Disarmed . | . . . . . . . . . . . . . . . . . . . . . . . . . . . Reprogrammed . | . . . . . . . . . . . . . . . . . . . . . . . . . . . Reused 4 | . . . . . . . . . . . . . . . . . . . . 1 . . 1 . 2 . Traps Reconfigurated 37 | . . . . . 6 . 5 7 . . . . . . 2 . 1 . 5 3 . . 6 . 2 . Traps Extracted 4 | . . . . . . . . . . . . . . . . . . . . . . . 4 . . . Installed . | . . . . . . . . . . . . . . . . . . . . . . . . . . . Triggered 4 | . . . . . . . . . . . . . . . . . . . . 1 . . 1 . 2 . Most Traps Carried 4 | . . . . . . . . . . . . . . 4 3 3 3 3 3 3 3 3 4 4 4 . Machines | -11 -10 -10 -10 -9 -8 -8 -8 -8 -8 -8 -6 -6 -6 -6 -5 -5 -5 -5 -4 -4 -3 -3 -2 -2 -2 -1 ---------- Run | Yrd Mat Min Exi Min Mat Gar Mat Sto Rec Scr Fac Gar Fac Gar Fac Gar Fac Gar Fac Arm Res Tes Res Qua Frg Acc Machines Disabled 71 | . . . . . 1 1 . 5 . . . 8 . 9 . 3 1 1 9 6 . 5 6 4 6 6 Max in Single Turn 4 | . . . . . 1 1 . 1 . . . 1 . 1 . 1 . 1 4 1 . 1 2 1 1 2 Garrison Access 7 | . . . . . . . 1 1 . . . . . . . . . . . . 1 . 1 . . 3 Garrison Relay 13 | . . . . . . 1 . . . . . 4 . 5 . 2 . 1 . . . . . . . . Machines Repaired . | . . . . . . . . . . . . . . . . . . . . . . . . . . . Machines Dismantled . | . . . . . . . . . . . . . . . . . . . . . . . . . . . Machines Sabotaged . | . . . . . . . . . . . . . . . . . . . . . . . . . . . Overloaded Fab Kills . | . . . . . . . . . . . . . . . . . . . . . . . . . . . Hacking | -11 -10 -10 -10 -9 -8 -8 -8 -8 -8 -8 -6 -6 -6 -6 -5 -5 -5 -5 -4 -4 -3 -3 -2 -2 -2 -1 --------- Run | Yrd Mat Min Exi Min Mat Gar Mat Sto Rec Scr Fac Gar Fac Gar Fac Gar Fac Gar Fac Arm Res Tes Res Qua Frg Acc Machines Accessed 87 | . 7 . 2 . 3 1 4 10 15 . 1 3 2 2 3 1 3 1 2 . 5 5 5 6 1 5 Terminals 50 | . 6 . . . 2 1 3 7 6 . . 3 . 2 . 1 1 1 . . 4 4 3 3 1 2 Fabricators 8 | . . . . . . . . . . . . . 1 . 2 . 1 . 1 . . 1 1 . . 1 Repair Stations 3 | . . . . . . . . 2 . . . . . . . . . . . . . . . 1 . . Recycling Units 10 | . 1 . . . . . . . 9 . . . . . . . . . . . . . . . . . Scanalyzers 3 | . . . . . . . . . . . . . . . . . . . 1 . . . . 2 . . Garrison Access 11 | . . . . . 1 . 1 1 . . 1 . 1 . 1 . 1 . . . 1 . 1 . . 2 Total Hacks 215 | . 19 . 5 . 14 5 13 21 38 . 3 4 3 6 7 2 7 2 4 . 18 13 9 11 2 9 Successful 113 | . 10 . 5 . 10 2 5 10 28 . 3 2 2 1 4 . 3 1 2 . 12 2 2 4 1 4 Failed 100 | . 8 . . . 4 3 7 11 10 . . 2 1 5 3 2 4 1 2 . 6 11 7 7 1 5 Catastrophic 22 | . 2 . . . 1 . 3 1 2 . . . 1 1 2 1 1 . . . . . 4 1 . 2 Database Lockouts 2 | . 1 . . . . . 1 . . . . . . . . . . . . . . . . . . . Manual 86 | . 11 . 1 . 9 4 9 4 23 . 1 . 1 . 1 . 1 . . . 9 5 3 4 . . Terminals 138 | . 17 . . . 11 5 10 15 20 . . 4 . 6 . 2 3 2 . . 16 10 7 5 2 3 Fabricators 17 | . . . . . . . . . . . . . 1 . 5 . 2 . 3 . . 3 1 . . 2 Repair Stations 7 | . . . . . . . . 4 . . . . . . . . . . . . . . . 3 . . Recycling Units 20 | . 2 . . . . . . . 18 . . . . . . . . . . . . . . . . . Scanalyzers 4 | . . . . . . . . . . . . . . . . . . . 1 . . . . 3 . . Garrison Access 24 | . . . . . 3 . 3 2 . . 3 . 2 . 2 . 2 . . . 2 . 1 . . 4 Terminal Hacks 48 | . 7 . 5 . 6 1 3 5 3 . . 2 . 1 . . . 1 . . 8 1 1 3 1 . Record 4 | . . . 4 . . . . . . . . . . . . . . . . . . . . . . . Part Schematic 5 | . 2 . . . . . . . 3 . . . . . . . . . . . . . . . . . Robot Schematic 2 | . . . . . . . 1 . . . . . . . . . . . . . 1 . . . . . Robot Analysis 4 | . . . . . 3 . . . . . . . . . . . . . . . . . . 1 . . Prototype ID Bank 3 | . 1 . . . 1 . . . . . . . . . . . . . . . . 1 . . . . Open Door 4 | . . . . . . . . 3 . . . 1 . . . . . . . . . . . . . . Branch Access Points 2 | . . . . . . . 1 . . . . . . . . . . . . . 1 . . . . . Emergency Access Points 2 | . . . . . . . . . . . . 1 . . . . . 1 . . . . . . . . Scanalyzer Index 1 | . . . . . . . . 1 . . . . . . . . . . . . . . . . . . Unreport Threat 7 | . . . . . . . . . . . . . . . . . . . . . 5 . . 1 1 . Locate Traps 5 | . 1 . . . 1 . 1 1 . . . . . . . . . . . . . . 1 . . . Hauler Manifests 3 | . 1 . . . 1 . . . . . . . . . . . . . . . 1 . . . . . Zone Layout 3 | . 2 . . . . . . . . . . . . . . . . . . . . . . 1 . . Garrison Registry 1 | . . . . . . 1 . . . . . . . . . . . . . . . . . . . . Security Stations 1 | . . . . . . . . . . . . . . 1 . . . . . . . . . . . . Proto ID Catalog 1 | . . . 1 . . . . . . . . . . . . . . . . . . . . . . . Fabricator Hacks 7 | . . . . . . . . . . . . . 1 . 3 . 2 . 1 . . . . . . . Load Schematic 2 | . . . . . . . . . . . . . . . 1 . 1 . . . . . . . . . Build 5 | . . . . . . . . . . . . . 1 . 2 . 1 . 1 . . . . . . . Repair Station Hacks 3 | . . . . . . . . 3 . . . . . . . . . . . . . . . . . . Scan Component 2 | . . . . . . . . 2 . . . . . . . . . . . . . . . . . . Repair 1 | . . . . . . . . 1 . . . . . . . . . . . . . . . . . . Recycling Unit Hacks 9 | . . . . . . . . . 9 . . . . . . . . . . . . . . . . . Report Inventory 9 | . . . . . . . . . 9 . . . . . . . . . . . . . . . . . Scanalyzer 1 | . . . . . . . . . . . . . . . . . . . 1 . . . . . . . Retrieve Study 1 | . . . . . . . . . . . . . . . . . . . 1 . . . . . . . Garrison Access Hacks 17 | . . . . . 1 . 2 2 . . 2 . 1 . 1 . 1 . . . 2 . 1 . . 4 Unlock Access 5 | . . . . . 1 . . . . . 1 . 1 . 1 . 1 . . . . . . . . . Seal Access 6 | . . . . . . . 1 1 . . . . . . . . . . . . 1 . 1 . . 2 Coupler Status 6 | . . . . . . . 1 1 . . 1 . . . . . . . . . 1 . . . . 2 Unauthorized Hacks 28 | . 3 . . . 3 1 . . 16 . 1 . . . . . . . . . 2 1 . 1 . . Terminals 18 | . 3 . . . 3 1 . . 7 . . . . . . . . . . . 2 1 . 1 . . Botnet 9 | . 2 . . . 1 1 . . 2 . . . . . . . . . . . 1 1 . 1 . . Operators 1 | . 1 . . . . . . . . . . . . . . . . . . . . . . . . . Skim 8 | . . . . . 2 . . . 5 . . . . . . . . . . . 1 . . . . . Fabricators . | . . . . . . . . . . . . . . . . . . . . . . . . . . . Repair Stations . | . . . . . . . . . . . . . . . . . . . . . . . . . . . Recycling Units 9 | . . . . . . . . . 9 . . . . . . . . . . . . . . . . . Tunnel 9 | . . . . . . . . . 9 . . . . . . . . . . . . . . . . . Scanalyzers . | . . . . . . . . . . . . . . . . . . . . . . . . . . . Garrison Access 1 | . . . . . . . . . . . 1 . . . . . . . . . . . . . . . Reprogram 1 | . . . . . . . . . . . 1 . . . . . . . . . . . . . . . Data Cores Recovered 1 | . . . . . . . . . . . . . . . . . . . . . . 1 . . . . Used . | . . . . . . . . . . . . . . . . . . . . . . . . . . . Hacking Detections 69 | . 6 . . . 3 1 4 7 7 . 1 1 2 2 3 1 3 1 2 . 5 5 4 5 1 5 Full Trace Events 7 | . . . . . . . 1 . . . . 1 . . . 1 2 . . . . . 1 1 . . Feedback Events . | . . . . . . . . . . . . . . . . . . . . . . . . . . . Feedback Blocked . | . . . . . . . . . . . . . . . . . . . . . . . . . . . Robot Schematics Acquired 9 | . . . . . . . 1 . . . . . . . . . . . . . 1 1 1 5 . . Robots Built 4 | . . . . . . . . . . . . . . . 2 . . . 2 . . . . . . . Authchips 1 | . . . . . . . . . . . . . . . 1 . . . . . . . . . . . Time 366 | . . . . . . . . . . . . . . . 116 . 81 . 169 . . . . . . . Total Robot Build Rating 18 | . . . . . . . . . . . . . . . 6 . . . 12 . . . . . . . Part Schematics Acquired 22 | . 2 . . . . . . . 3 . . . . . . . . . . . . 3 1 13 . . Parts Built 2 | . . . . . . . . . . . . . 2 . . . . . . . . . . . . . Authchips . | . . . . . . . . . . . . . . . . . . . . . . . . . . . Time 53 | . . . . . . . . . . . . . 53 . . . . . . . . . . . . . Total Part Build Rating 12 | . . . . . . . . . . . . . 12 . . . . . . . . . . . . . Part Studies Acquired 1 | . . . . . . . . . . . . . . . . . . . 1 . . . . . . . Parts Repaired 1 | . . . . . . . . 1 . . . . . . . . . . . . . . . . . . Time 44 | . . . . . . . . 44 . . . . . . . . . . . . . . . . . . Parts Recycled . | . . . . . . . . . . . . . . . . . . . . . . . . . . . Recycled Matter . | . . . . . . . . . . . . . . . . . . . . . . . . . . . Retrieved Matter . | . . . . . . . . . . . . . . . . . . . . . . . . . . . Retrieved Components . | . . . . . . . . . . . . . . . . . . . . . . . . . . . Parts Scanalyzed . | . . . . . . . . . . . . . . . . . . . . . . . . . . . Part Schematics Acquired . | . . . . . . . . . . . . . . . . . . . . . . . . . . . Parts Damaged . | . . . . . . . . . . . . . . . . . . . . . . . . . . . Bothacking | -11 -10 -10 -10 -9 -8 -8 -8 -8 -8 -8 -6 -6 -6 -6 -5 -5 -5 -5 -4 -4 -3 -3 -2 -2 -2 -1 ------------ Run | Yrd Mat Min Exi Min Mat Gar Mat Sto Rec Scr Fac Gar Fac Gar Fac Gar Fac Gar Fac Arm Res Tes Res Qua Frg Acc Used RIF Installer 5 | . . . . . . 1 . . . . . 1 . 1 . 1 . 1 . . . . . . . . Hotswap 1 | . . . . . . . . . . . . 1 . . . . . . . . . . . . . . Command Fork 2 | . . . . . . . . . . . . . . 1 . . . 1 . . . . . . . . Patrol Navigation 1 | . . . . . . . . . . . . . . . . 1 . . . . . . . . . . Robots Hacked 39 | . . . 4 . . . . . . 1 . 4 . 1 . 8 5 3 8 3 . 1 1 . . . Non-combat 13 | . . . 3 . . . . . . . . 1 . . . . 4 . 3 2 . . . . . . Combat 26 | . . . 1 . . . . . . 1 . 3 . 1 . 8 1 3 5 1 . 1 1 . . . Robot Hacks Applied 51 | . . . 4 . . . . . . 1 . 6 . 1 . 10 7 3 14 3 . 1 1 . . . parse_system 12 | . . . 4 . . . . . . 1 . 1 . 1 . 2 . 1 . . . 1 1 . . . map_walls 1 | . . . . . . . . . . . . . . . . . 1 . . . . . . . . . drop_inventory 1 | . . . . . . . . . . . . . . . . . 1 . . . . . . . . . purge_threat 8 | . . . . . . . . . . . . 2 . . . . . . 6 . . . . . . . reprogram_traps 1 | . . . . . . . . . . . . 1 . . . . . . . . . . . . . . map_route 1 | . . . . . . . . . . . . . . . . . . . . 1 . . . . . . mark_security 1 | . . . . . . . . . . . . . . . . . . . . 1 . . . . . . link_fov 1 | . . . . . . . . . . . . . . . . . 1 . . . . . . . . . scatter_targeting 2 | . . . . . . . . . . . . . . . . . . 2 . . . . . . . . overload_power 1 | . . . . . . . . . . . . . . . . . 1 . . . . . . . . . amplify_resonance 2 | . . . . . . . . . . . . . . . . . 2 . . . . . . . . . disable_weapons 2 | . . . . . . . . . . . . 1 . . . . 1 . . . . . . . . . reboot_system 2 | . . . . . . . . . . . . . . . . 1 . . 1 . . . . . . . overwrite_iff 2 | . . . . . . . . . . . . . . . . . . . 1 1 . . . . . . streamctrl_high 1 | . . . . . . . . . . . . . . . . . . . 1 . . . . . . . formatsys_low 3 | . . . . . . . . . . . . . . . . . . . 3 . . . . . . . formatsys_high 10 | . . . . . . . . . . . . 1 . . . 7 . . 2 . . . . . . . Relay Couplers Released 58 | . . . . . . 4 . . . . . 14 . 19 . 8 . 4 2 . 1 . . . . 6 Machine Destruction 55 | . . . . . . 4 . . . . . 14 . 19 . 8 . 4 2 . 1 . . . . 3 Programmers 3 | . . . . . . . . . . . . . . . . . . . . . . . . . . 3 Attached 20 | . . . . . . . . . . . . 3 1 3 . 3 . . 5 1 . . . . . 4 Fabnet Peak Effective % . | . . . . . . . . . . . . . . . . . . . . . . . . . . . Robots Rewired 18 | . . . . . . . . . . . 1 5 . . . . . 7 . 4 . 1 . . . . Allies Hacked 12 | . . . . . . . . . . . . 2 . . . . . 1 . . 2 . 1 4 . 2 Hacks Repelled . | . . . . . . . . . . . . . . . . . . . . . . . . . . . Allies | -11 -10 -10 -10 -9 -8 -8 -8 -8 -8 -8 -6 -6 -6 -6 -5 -5 -5 -5 -4 -4 -3 -3 -2 -2 -2 -1 -------- Run | Yrd Mat Min Exi Min Mat Gar Mat Sto Rec Scr Fac Gar Fac Gar Fac Gar Fac Gar Fac Arm Res Tes Res Qua Frg Acc Total Allies 60 | . . 2 . 3 . . . 10 . . 1 7 . 2 2 8 . 7 12 5 . 1 . . . . Largest Group 10 | . . 2 2 3 3 . . 10 10 8 8 6 3 4 2 6 6 5 7 5 . 1 1 . . . Highest-Rated Group 300 | . . 41 41 40 40 . . 173 173 141 141 199 138 249 37 214 214 70 300 242 . 146 146 . . . Highest-Rated Ally 146 | . . 31 31 16 16 . . 29 29 29 32 85 46 95 23 49 49 14 49 64 . 146 146 . . . Total Orders 56 | . . . . . . . . . 2 1 . 6 . 4 . 21 . . 3 . . 1 8 2 3 5 STAY 25 | . . . . . . . . . 1 . . 1 . 1 . 10 . . 2 . . . 5 1 2 2 ROAM 5 | . . . . . . . . . . . . 1 . 1 . 3 . . . . . . . . . . FOLLOW 16 | . . . . . . . . . 1 . . 1 . 2 . 7 . . . . . . 2 . 1 2 AID 4 | . . . . . . . . . . . . . . . . 1 . . 1 . . 1 1 . . . DROP 2 | . . . . . . . . . . . . . . . . . . . . . . . . 1 . 1 EXPLORE 4 | . . . . . . . . . . 1 . 3 . . . . . . . . . . . . . . Ally Attacks 1629 | . . . . . 16 . . . 17 . 1 135 10 88 7 115 55 60 234 254 45 76 170 105 142 99 Total Damage 57168 | . . . . . 170 . . . 237 . 20 4099 377 3982 217 3909 1936 2304 6759 5631 1610 4422 6680 4260 7071 3484 Kills 329 | . . . . . 1 . . . 4 . . 30 4 27 3 23 21 18 44 39 7 25 25 17 27 14 Allies Corrupted 17 | . . . . . . . . . . . . 1 . . . . . 2 . 2 1 . 1 4 4 2 Allies Melted 3 | . . . . . . . . . . . . . . . . . . . 1 . 1 . . . . 1 Borg Created 121 | . . . . . . . . . . . 3 11 . 1 . 3 . 6 17 4 9 9 5 21 12 20 Largest Collective 7 | . . . . . . . . . . . 3 6 . 7 . 5 . 4 4 5 3 5 3 4 4 3 Intel | -11 -10 -10 -10 -9 -8 -8 -8 -8 -8 -8 -6 -6 -6 -6 -5 -5 -5 -5 -4 -4 -3 -3 -2 -2 -2 -1 ------- Run | Yrd Mat Min Exi Min Mat Gar Mat Sto Rec Scr Fac Gar Fac Gar Fac Gar Fac Gar Fac Arm Res Tes Res Qua Frg Acc Active Infowar (turns) 12869 | 6 886 130 . 161 284 409 43 . . . . 331 10 672 356 2010 328 1012 1311 557 1243 1304 1264 . 1 551 Optics 972 | . . . . . . . . . . . . . . . . . . . 414 . 114 444 . . . . Sensors 175 | . . . . . . . . . . . . . . . . . . . . . . . . . . 175 IFF 1056 | . . . . . . . . . . . . . . . . . . . 718 338 . . . . . . Terrain 4412 | . . . . . . . . . . . . . . . . . . . 357 270 1243 1278 1264 . . . Structural 376 | . . . . . . . . . . . . . . . . . . . . . . . . . . 376 Seismic 5592 | 6 558 . . 161 284 409 43 . . . . . . . 356 2010 328 1012 425 . . . . . . . T.N.C. 458 | . 328 130 . . . . . . . . . . . . . . . . . . . . . . . . Cloaking 58 | . . . . . . . . . . . . . . . . . . . . 57 . . . . 1 . Jamming 4659 | . . . . . . . . . . . . 331 10 672 83 2010 327 788 438 . . . . . . . Robot Analysis Total 4 | . . . . . 3 . . . . . . . . . . . . . . . . . . 1 . . Derelict Logs Recovered 3 | . . 2 . 1 . . . . . . . . . . . . . . . . . . . . . . Drone Launches 14 | . . . . . . . . 14 . . . . . . . . . . . . . . . . . . Drone Recoveries . | . . . . . . . . . . . . . . . . . . . . . . . . . . . Exploration | -11 -10 -10 -10 -9 -8 -8 -8 -8 -8 -8 -6 -6 -6 -6 -5 -5 -5 -5 -4 -4 -3 -3 -2 -2 -2 -1 ------------- Run | Yrd Mat Min Exi Min Mat Gar Mat Sto Rec Scr Fac Gar Fac Gar Fac Gar Fac Gar Fac Arm Res Tes Res Qua Frg Acc Turns Passed 31740 | 119 1232 335 509 568 287 409 1030 2695 1695 2619 129 2133 135 2131 371 2010 328 1012 1311 583 1332 1308 1719 1332 1238 3170 Spaces Moved 13606 | 68 713 230 420 326 126 192 338 809 610 1039 39 812 52 748 197 846 185 441 758 270 738 630 544 673 596 1206 Core 178 | 8 . . . . . . . . . . . . . 1 . . . . . . . . . . . 169 Treads 7224 | 2 127 14 . . 69 192 338 809 610 1039 39 183 . . . . . . . 5 738 630 544 673 528 684 Legs 63 | . . . . . . . . . . . . . . . . . . . . . . . . . . 63 Wheels 5751 | 58 586 216 420 326 57 . . . . . . 629 52 646 197 846 185 441 758 265 . . . . . 69 Hover 101 | . . . . . . . . . . . . . . 101 . . . . . . . . . . . . Flight 289 | . . . . . . . . . . . . . . . . . . . . . . . . . 68 221 Fastest Speed 50 | 50 95 95 110 155 155 160 160 160 250 250 250 160 160 115 160 160 135 130 120 120 150 141 141 138 130 50 Average Speed 171 | 89 106 103 117 155 159 160 235 245 250 250 250 192 160 197 160 160 141 134 128 135 150 156 143 139 151 172 Slowest Speed 2100 | 160 160 160 155 155 240 160 240 250 250 250 250 330 160 1050 160 160 160 135 135 152 150 237 221 141 295 2100 Overloaded Moves 5 | . . . . . . . . . . . . . . . . . . . . . . . . . . 5 Propulsion Burnouts . | . . . . . . . . . . . . . . . . . . . . . . . . . . . Robots Hopped . | . . . . . . . . . . . . . . . . . . . . . . . . . . . Potential Cave-ins . | . . . . . . . . . . . . . . . . . . . . . . . . . . . Cave-ins Triggered . | . . . . . . . . . . . . . . . . . . . . . . . . . . . Exploration Rate (%) 44 | 3 93 46 71 50 13 34 37 87 96 61 4 94 3 82 8 80 10 48 20 30 25 74 15 64 21 29 Regions Visited 26 Branch Regions 10 Pre-discovered Areas 13 | . . 1 1 . . . . . 11 . . . . . . . . . . . . . . . . . Known Exits Taken 10 | . . 1 . . 1 . 1 . 1 1 1 . 1 . 1 . 1 . . . 1 . . . . . Unknown Exits Taken 11 | 1 1 . 1 1 . . . 1 . . . . . . . . . . 1 1 . 1 1 1 1 . Scrap Searched 5 | . . 1 . 1 . . . . . 3 . . . . . . . . . . . . . . . . Spaces Dug 186 | . . . . 16 . . 10 . . . . 13 4 4 . 18 1 2 4 10 11 2 8 1 7 75 Terrain Destroyed 515 | . . . . 16 6 . 26 . . . . 13 4 4 . 32 1 2 42 16 15 4 17 25 64 228 Melee 43 | . . . . . . . 3 . . . . 2 4 4 . 18 1 2 . . . 2 2 1 2 2 Projectile 73 | . . . . . . . . . . . . . . . . . . . . 4 15 2 . 1 8 43 AOE 398 | . . . . 16 6 . 23 . . . . 11 . . . 14 . . 42 12 . . 15 23 53 183 Terrain Rammed . | . . . . . . . . . . . . . . . . . . . . . . . . . . . Walls Destroyed . | . . . . . . . . . . . . . . . . . . . . . . . . . . . Machines Disabled . | . . . . . . . . . . . . . . . . . . . . . . . . . . . Actions | -11 -10 -10 -10 -9 -8 -8 -8 -8 -8 -8 -6 -6 -6 -6 -5 -5 -5 -5 -4 -4 -3 -3 -2 -2 -2 -1 --------- Run | Yrd Mat Min Exi Min Mat Gar Mat Sto Rec Scr Fac Gar Fac Gar Fac Gar Fac Gar Fac Arm Res Tes Res Qua Frg Acc Total 20387 | 96 1072 288 434 365 187 260 524 1357 764 1063 73 1225 95 1246 250 1426 242 794 1045 474 917 890 1445 1021 867 1967 Wait 4043 | 1 276 19 . 23 1 42 132 391 142 12 19 203 39 311 44 475 38 210 142 38 82 139 820 229 81 134 Move 13581 | 67 712 229 419 325 125 191 337 808 609 1038 38 811 51 747 197 845 184 440 757 269 737 629 543 672 595 1206 Hop . | . . . . . . . . . . . . . . . . . . . . . . . . . . . Pick Up 262 | 6 8 6 8 1 12 1 5 10 1 4 2 21 . 9 1 3 1 4 21 16 17 9 8 12 25 51 Fast Attach 145 | 8 2 1 . . 4 . . 4 . 1 1 3 . 12 3 3 1 4 4 5 8 13 3 6 7 52 Attach 164 | . 2 4 . . 3 . . 2 . . 5 5 . 6 . 1 . . 7 7 4 2 9 3 30 74 Detach 74 | . . . . . 1 . . . . . . 2 . 2 . . . . 1 3 1 4 2 . 15 43 Swap 288 | . 3 1 3 2 15 6 11 21 2 2 . 24 1 10 3 10 4 5 29 21 9 16 20 17 15 38 Drop 304 | 1 7 4 . . 13 1 8 18 1 5 4 23 . 15 2 4 2 7 13 28 11 26 7 17 28 59 Fire 837 | 13 61 19 . 2 13 13 26 88 4 . 1 22 . 62 . 20 10 39 42 19 29 7 12 33 43 259 Melee 318 | . . 5 4 12 . 6 5 7 5 1 . 74 4 49 . 34 2 15 9 2 6 34 12 5 3 24 Ram 1 | . 1 . . . . . . . . . . . . . . . . . . . . . . . . . Kick . | . . . . . . . . . . . . . . . . . . . . . . . . . . . Crush 2 | . . . . . . . . 1 . . . . . . . . . . . . . . . . . 1 Escape Stasis 81 | . . . . . . . . . . . . 24 . 22 . 27 . 8 . . . . . . . . Rewire 124 | . . . . . . . . . . . . . . . . 1 . 56 . 62 1 . . 2 2 . Trap . | . . . . . . . . . . . . . . . . . . . . . . . . . . . Miscellaneous 163 | . . . . . . . . 7 . . 3 13 . 1 . 3 . 6 20 4 12 11 9 25 23 26 Route ------- -11/Scrapyard -10/Materials (discovered 5 exits: [*Mat x3] / [*Min x2]) -10/Mines (discovered 3 exits: [*Mat] / *Exi / [*Sub]) -10/Exiles (discovered 2 exits: [*Min x2]) -9/Mines (discovered 2 exits: *Mat x2) -8/Materials (discovered 2 exits: Sto / Gar) -8/Garrison (discovered 3 exits: *Mat x3) -8/Materials (discovered 3 exits: [*Fac] / *Sto x2) -8/Storage (discovered 2 exits: [*Fac] / *Rec) -8/Recycling (discovered 2 exits: *Fac / *Scr) -8/Scraptown (discovered 2 exits: *Fac x2) -6/Factory (discovered 6 exits: Fac x3 / Ext x2 / Gar) -6/Garrison (discovered 3 exits: *Fac x3) -6/Factory -6/Garrison (discovered 3 exits: *Fac x3) -5/Factory -5/Garrison (discovered 3 exits: *Fac x3) -5/Factory -5/Garrison -4/Factory -4/Armory -3/Research (discovered 2 exits: *Tes x2) -3/Testing -2/Research -2/Quarantine (discovered 2 exits: [*Sec] / *Frg) -2/Protoforge -1/Access History --------- Turn | Location | Event 31 | -11/Scrapyard | Discovered new exit (range 13) 120 | -11/Scrapyard | Entered Materials 306 | -10/Materials | Build established: Mutant 403 | -10/Materials | Discovered new exit (range 16) 437 | -10/Materials | Discovered new exit (range 12) 636 | -10/Materials | Discovered new exit (range 14) 909 | -10/Materials | Discovered new exit (range 14) 910 | -10/Materials | Central database locked down 923 | -10/Materials | Discovered new exit (range 15) 1285 | -10/Materials | Core integrity fell below 50% 1346 | -10/Materials | Build established: Scavenger-Mutant 1352 | -10/Materials | Entered Mines 1434 | -10/Mines | Core integrity fell below 20% 1445 | -10/Mines | Discovered new exit (range 5) 1450 | -10/Mines | Discovered new exit (range 12) 1470 | -10/Mines | Lost 4 parts (1p1n2w) 1549 | -10/Mines | Identified exit to Exiles 1665 | -10/Mines | Deemed a non-threat by the Exiles lab entrance 1687 | -10/Mines | Entered Exiles 1687 | -10/Exiles | Accompanied by 2 allies 1706 | -10/Exiles | Discovered new exit (range 15) 1714 | -10/Exiles | Build established: Mutant 1717 | -10/Exiles | Led the pair of lost Derelicts to a safe place 1721 | -10/Exiles | Met 8R-AWN 1737 | -10/Exiles | Met EX-HEX 1783 | -10/Exiles | Met EX-DEC 1813 | -10/Exiles | Learned location of Zion (-7) 1842 | -10/Exiles | Met EX-BIN 1854 | -10/Exiles | Aligned with FarCom system 1855 | -10/Exiles | Given EX-Vault access code 1887 | -10/Exiles | Opened EX-Vault 1894 | -10/Exiles | Found Trap Reconfigurator 1898 | -10/Exiles | Found Cloak of Protection 1900 | -10/Exiles | Found Superbattery 1922 | -10/Exiles | Warned to stay clear of 0b10 Research branches 2027 | -10/Exiles | Build established: Scavenger-Mutant 2178 | -10/Exiles | Discovered new exit (range 14) 2196 | -10/Exiles | Stole three prototypes: Superbattery, Cloak of Protection, Trap Reconfigurator 2196 | -10/Exiles | Entered Mines 2215 | -9/Mines | Met a Derelict bent on vengeance 2220 | -9/Mines | Discovered new exit (range 8) 2391 | -9/Mines | Learned location of 1 exit from Materials 2418 | -9/Mines | Assisted by bots powering up and referring to "LRC-V3" 2501 | -9/Mines | Build established: Mutant 2533 | -9/Mines | Discovered new exit (range 9) 2764 | -9/Mines | Entered Materials 2764 | -8/Materials | Accompanied by 3 allies 2764 | -8/Materials | Evolved 4 slots: Propulsion x1, Utility x2, Weapon x1 2765 | -8/Materials | Identified exit to Storage 2852 | -8/Materials | Garrison activated, responded to threat 2986 | -8/Materials | Identified exit to Garrison 3009 | -8/Materials | Found Powered Armor 3012 | -8/Materials | Found Powered Armor 3021 | -8/Materials | Found Powered Armor 3024 | -8/Materials | Found Powered Armor 3051 | -8/Materials | Entered Garrison 3067 | -8/Garrison | Triggered checkpoint 3109 | -8/Garrison | Discovered new exit (range 29) 3109 | -8/Garrison | Discovered new exit (range 84) 3109 | -8/Garrison | Discovered new exit (range 53) 3218 | -8/Garrison | Triggered checkpoint 3292 | -8/Garrison | Installed Relay Interface Framework 3335 | -8/Garrison | Triggered checkpoint 3416 | -8/Garrison | Garrison Relay disabled 3460 | -8/Garrison | Entered Materials 3935 | -8/Materials | Build established: Tank 4156 | -8/Materials | Central database locked down 4411 | -8/Materials | Discovered new exit (range 16) 4490 | -8/Materials | Entered Storage 4492 | -8/Storage | FarCom data flow suspended 4861 | -8/Storage | Repaired Powered Armor 5432 | -8/Storage | Used back door to open Recycling access 5432 | -8/Storage | Discovered new exit (range 5) 6614 | -8/Storage | Discovered new exit (range 5) 6987 | -8/Storage | Assisted by bots powering up and referring to "LRC-V3" 7185 | -8/Storage | Entered Recycling 7185 | -8/Recycling | Accompanied by 20 allies 7291 | -8/Recycling | Build established: Commander-Tank 7490 | -8/Recycling | Discovered new exit (range 9) 7716 | -8/Recycling | Build established: Commander-Mutant 8513 | -8/Recycling | Learned location of 2 exits from Factory 8554 | -8/Recycling | Learned location of 1 exit from Lower Caves 8585 | -8/Recycling | Learned Factory emergency access door positions 8621 | -8/Recycling | Learned location of Extension (-6) 8622 | -8/Recycling | Learned Factory terminal intel 8623 | -8/Recycling | Learned Storage stockpile data 8651 | -8/Recycling | Learned location of 2 exits from Factory 8679 | -8/Recycling | Identified exit to Scraptown 8785 | -8/Recycling | Scanned before Scraplab entrance 8822 | -8/Recycling | Entered Scraplab 8880 | -8/Recycling | Entered Scraptown 8880 | -8/Scraptown | Accompanied by 14 allies 8881 | -8/Scraptown | Identified exit to Factory 9248 | -8/Scraptown | Visited Cyclists 9348 | -8/Scraptown | Turned away by UFD registrar 10090 | -8/Scraptown | Visited Red Mages 11023 | -8/Scraptown | Build established: Commander-Tank 11499 | -8/Scraptown | Entered Factory 11499 | -6/Factory | Accompanied by 14 allies 11499 | -6/Factory | Evolved 4 slots: Utility x1, Weapon x3 11500 | -6/Factory | Identified exit to Extension 11501 | -6/Factory | Identified exit to Factory 11501 | -6/Factory | Found Prototype Special Melee Weapon 11501 | -6/Factory | Identified 1B-0RG's Assimilator 11502 | -6/Factory | Assimilating Trooper 3i into Collective. 11503 | -6/Factory | Loaded intel: 28 terminal locations 11503 | -6/Factory | Assimilating Trooper 3a into Collective. 11504 | -6/Factory | Assimilating Trooper 3h into Collective. 11601 | -6/Factory | Identified exit to Garrison 11628 | -6/Factory | Entered Garrison 11628 | -6/Garrison | Accompanied by 13 allies 11675 | -6/Garrison | Heavy support dispatched to Factory 11706 | -6/Garrison | Triggered checkpoint 11751 | -6/Garrison | Garrison Relay disabled 11780 | -6/Garrison | Triggered checkpoint 11782 | -6/Garrison | Triggered checkpoint 11818 | -6/Garrison | Heavy support dispatched to Factory 11845 | -6/Garrison | Lost 5 allies 11859 | -6/Garrison | Spotted B-75 Beast 11861 | -6/Garrison | P-60 Hacker assimilated allied Guardian 5a 11872 | -6/Garrison | Assimilating Beast 5a into Collective. 11878 | -6/Garrison | Assimilating Hacker 5a into Collective. 11890 | -6/Garrison | Assimilating Hacker 5b into Collective. 11908 | -6/Garrison | Lost 4 allies 12092 | -6/Garrison | Build established: Mutant 12129 | -6/Garrison | Triggered checkpoint 12160 | -6/Garrison | Triggered checkpoint 12166 | -6/Garrison | Assimilating Slayer 5a into Collective. 12194 | -6/Garrison | Lost 4 allies 12408 | -6/Garrison | Assimilating Guardian 5b into Collective. 12412 | -6/Garrison | Assimilating F3-7U7(l) into Collective. 12436 | -6/Garrison | Triggered checkpoint 12441 | -6/Garrison | Assimilating Virus 5a into Collective. 12504 | -6/Garrison | Garrison Relay disabled 12522 | -6/Garrison | Assimilating Hacker 5c into Collective. 12563 | -6/Garrison | Discovered new exit (range 10) 12612 | -6/Garrison | H-XX Assembler disabled 12732 | -6/Garrison | Assimilating Administrator 5a into Collective. 12839 | -6/Garrison | Build established: Bothacker-Mutant 12924 | -6/Garrison | Discovered new exit (range 10) 13022 | -6/Garrison | Triggered checkpoint 13024 | -6/Garrison | Garrison Relay disabled 13076 | -6/Garrison | Rewired B-75 Beast 13077 | -6/Garrison | Spotted B-86 Titan 13086 | -6/Garrison | Allies destroyed B-86 Titan 13119 | -6/Garrison | Rewired B-75 Beast 13195 | -6/Garrison | Assimilating Beast 5c into Collective. 13394 | -6/Garrison | Assimilating Beast 5b into Collective. 13518 | -6/Garrison | Triggered checkpoint 13537 | -6/Garrison | Spotted B-75 Beast 13542 | -6/Garrison | Discovered new exit (range 13) 13547 | -6/Garrison | Destroyed B-75 Beast 13598 | -6/Garrison | Expanded RIF knowledge: Hotswap 13642 | -6/Garrison | Garrison Relay disabled 13761 | -6/Garrison | Entered Factory 13761 | -6/Factory | Accompanied by 9 allies 13819 | -6/Factory | Identified exit to Garrison 13849 | -6/Factory | Fabricated Thunder Leg (x2) 13896 | -6/Factory | Entered Garrison 13896 | -6/Garrison | Accompanied by 8 allies 13953 | -6/Garrison | Attached CPS modules to A-15 Conveyor. 13955 | -6/Garrison | Attached CPS modules to M-22 Extractor. 14076 | -6/Garrison | Learned Factory security intel 14096 | -6/Garrison | Triggered checkpoint 14118 | -6/Garrison | Garrison Relay disabled 14161 | -6/Garrison | Found embedded Infiltrators 14169 | -6/Garrison | Assimilating Z8-MI2(x) into Collective. 14285 | -6/Garrison | Allies destroyed B-75 Beast 14334 | -6/Garrison | Triggered checkpoint 14334 | -6/Garrison | Triggered checkpoint 14338 | -6/Garrison | Triggered checkpoint 14397 | -6/Garrison | Discovered exit to Factory (range 12) 14530 | -6/Garrison | Triggered checkpoint 14575 | -6/Garrison | Lost 3 parts (1p1n1u) 14582 | -6/Garrison | Triggered checkpoint 14604 | -6/Garrison | Garrison Relay disabled 14610 | -6/Garrison | Triggered checkpoint 14720 | -6/Garrison | Triggered checkpoint 14755 | -6/Garrison | Discovered exit to Factory (range 10) 14863 | -6/Garrison | Garrison Relay disabled 14892 | -6/Garrison | Discovered exit to Factory (range 39) 14983 | -6/Garrison | Lost 3 parts (2n1u) 15017 | -6/Garrison | Garrison Relay disabled 15044 | -6/Garrison | Garrison Relay disabled 15673 | -6/Garrison | Expanded RIF knowledge: Command Fork 16027 | -6/Garrison | Entered Factory 16027 | -5/Factory | Accompanied by 7 allies 16027 | -5/Factory | Evolved 2 slots: Propulsion x1, Utility x1 16141 | -5/Factory | Fabricated M-13 Machinist (x1) 16250 | -5/Factory | Fabricated A-15 Conveyor? 16327 | -5/Factory | First assault squad dispatched 16357 | -5/Factory | Identified exit to Garrison 16398 | -5/Factory | Entered Garrison 16398 | -5/Garrison | Accompanied by 9 allies 16491 | -5/Garrison | Allies destroyed B-75 Beast 16494 | -5/Garrison | Triggered checkpoint 16516 | -5/Garrison | Triggered checkpoint 16570 | -5/Garrison | Discovered new exit (range 16) 16611 | -5/Garrison | Assimilating Fighter 6a into Collective. 16616 | -5/Garrison | Assimilating Fighter 6b into Collective. 16617 | -5/Garrison | Destroyed 7 combat bots 16639 | -5/Garrison | Lost 4 allies 16712 | -5/Garrison | Triggered checkpoint 16749 | -5/Garrison | Garrison Relay disabled 16888 | -5/Garrison | Triggered checkpoint 17038 | -5/Garrison | Triggered checkpoint 17092 | -5/Garrison | Assimilating Sentinel 6b into Collective. 17137 | -5/Garrison | Garrison Relay disabled 17685 | -5/Garrison | Discovered new exit (range 10) 17691 | -5/Garrison | Triggered checkpoint 17876 | -5/Garrison | Triggered checkpoint 17971 | -5/Garrison | Expanded RIF knowledge: Patrol Navigation 17990 | -5/Garrison | Triggered checkpoint 18074 | -5/Garrison | Discovered new exit (range 13) 18274 | -5/Garrison | Build established: Botlord-Mutant 18408 | -5/Garrison | Entered Factory 18408 | -5/Factory | Accompanied by 10 allies 18676 | -5/Factory | High security lockdown imminent 18687 | -5/Factory | Lost 4 allies 18705 | -5/Factory | Identified exit to Garrison 18736 | -5/Factory | Entered Garrison 18736 | -5/Garrison | Accompanied by 3 allies 18816 | -5/Garrison | Triggered checkpoint 18861 | -5/Garrison | Assimilating Imp 6b into Collective. 18979 | -5/Garrison | Lost 5 allies 18998 | -5/Garrison | Triggered checkpoint 19040 | -5/Garrison | Assimilating Sage 6a into Collective. 19058 | -5/Garrison | Lost 3 allies 19064 | -5/Garrison | Assimilating Soldier 6f into Collective. 19109 | -5/Garrison | Assimilating Virus 6a into Collective. 19163 | -5/Garrison | Expanded RIF knowledge: Command Fork 19185 | -5/Garrison | Garrison Relay disabled 19354 | -5/Garrison | Discovered new exit (range 12) 19380 | -5/Garrison | Rewired Executioner 19383 | -5/Garrison | Assimilating Executioner into Collective. 19461 | -5/Garrison | Assimilating Warrior 6a into Collective. 19466 | -5/Garrison | Triggered checkpoint 19748 | -5/Garrison | Entered Factory 19748 | -4/Factory | Accompanied by 3 allies 19748 | -4/Factory | Evolved 2 slots: Power x1, Utility x1 19872 | -4/Factory | Lost 3 allies 19873 | -4/Factory | Assimilating Veteran 7a into Collective. 19880 | -4/Factory | Assimilating Veteran 7b into Collective. 19891 | -4/Factory | Assimilating Veteran 7c into Collective. 19902 | -4/Factory | Assimilating Veteran 7d into Collective. 19906 | -4/Factory | Assimilating Veteran 7e into Collective. 19922 | -4/Factory | Assimilating Veteran 7f into Collective. 19928 | -4/Factory | Lost 3 allies 20080 | -4/Factory | Assimilating Conveyor 7a into Collective. 20149 | -4/Factory | Assimilating Serf 7a into Collective. 20154 | -4/Factory | Assimilating Engineer 7a into Collective. 20168 | -4/Factory | Found Prototype Launcher 20173 | -4/Factory | Found Prototype Launcher 20182 | -4/Factory | Assimilating Engineer 7b into Collective. 20204 | -4/Factory | Assimilating Excavator 7a into Collective. 20213 | -4/Factory | Assimilating Serf 7b into Collective. 20236 | -4/Factory | Assimilating Engineer 7c into Collective. 20243 | -4/Factory | Build established: Bothacker-Mutant 20262 | -4/Factory | Lost 3 parts (1p2u) 20262 | -4/Factory | Lost 10 allies 20369 | -4/Factory | Identified Scatter Rocket Array (x2) 20432 | -4/Factory | Assimilating Destroyer 7a into Collective. 20493 | -4/Factory | Fabricated Y-64 Sentinel? 20530 | -4/Factory | Assimilating Sage 7a into Collective. 20798 | -4/Factory | Assimilating Sentinel 7b into Collective. 20999 | -4/Factory | Discovered new exit (range 13) 21019 | -4/Factory | Assimilating Veteran 7i into Collective. 21059 | -4/Factory | Entered Armory 21059 | -4/Armory | Accompanied by 9 allies 21149 | -4/Armory | Assimilating Archangel 7a into Collective. 21168 | -4/Armory | Assimilating Archangel 7b into Collective. 21240 | -4/Armory | Assimilating Archangel 7c into Collective. 21324 | -4/Armory | Discovered new exit (range 68) 21364 | -4/Armory | Found Prototype Launcher 21366 | -4/Armory | Identified Smartbomb Launcher 21406 | -4/Armory | Found Prototype Device 21408 | -4/Armory | Found Prototype Processor 21409 | -4/Armory | Identified Exp. Terrain Scan Processor 21437 | -4/Armory | Identified Adv. EM Shield 21486 | -4/Armory | Found Gamma Bomb Array 21488 | -4/Armory | Found Gamma Bomb Array 21491 | -4/Armory | Found Gamma Bomb Array 21525 | -4/Armory | High security lockdown imminent 21547 | -4/Armory | Assimilating Technician 7b into Collective. 21605 | -4/Armory | High security lockdown engaged 21642 | -4/Armory | Entered Research 21642 | -3/Research | Accompanied by 1 ally 21642 | -3/Research | Evolved 2 slots: Propulsion x2 21944 | -3/Research | Identified exit to Testing 21944 | -3/Research | Watched by a mysterious "MATRIX" hacker. 22045 | -3/Research | Build established: Hacker-Mutant 22096 | -3/Research | Assimilating Plague 8a into Collective. 22135 | -3/Research | Assimilating Plague 8b into Collective. 22146 | -3/Research | Assimilating Veteran 8a into Collective. 22169 | -3/Research | Lost 3 allies 22378 | -3/Research | Assimilating Warden 8a into Collective. 22401 | -3/Research | Build established: Mutant 22488 | -3/Research | Spotted B-86 Titan 22541 | -3/Research | Assimilating Master 8a into Collective. 22774 | -3/Research | Assimilating Conveyor 8a into Collective. 22804 | -3/Research | Garrison activated, responded to threat 22813 | -3/Research | Assimilating Master 8b into Collective. 22859 | -3/Research | Found Prototype Processor 22860 | -3/Research | Identified Spectral Analyzer 22875 | -3/Research | Lost 3 allies 22940 | -3/Research | Assimilating Warden 8b into Collective. 22969 | -3/Research | Assimilating Master 8c into Collective. 22974 | -3/Research | Entered Testing 22974 | -3/Testing | Accompanied by 1 ally 23087 | -3/Testing | Assimilating Assassin 8a into Collective. 23152 | -3/Testing | Build established: Assassin 23268 | -3/Testing | Assimilating Analyst 8a into Collective. 23272 | -3/Testing | Assimilating Veteran 8b into Collective. 23407 | -3/Testing | Assimilating Analyst 8b into Collective. 23419 | -3/Testing | Found Prototype Protection 23419 | -3/Testing | Identified SHELL Armor 23423 | -3/Testing | Found Prototype Protection 23425 | -3/Testing | Identified Hvy. Regenerative Plating 23430 | -3/Testing | Found Prototype Protection 23475 | -3/Testing | Lost 4 allies 23565 | -3/Testing | Assimilating Master 8d into Collective. 23576 | -3/Testing | Assimilating Master 8e into Collective. 23716 | -3/Testing | Build established: Mutant 23717 | -3/Testing | Assimilating Conveyor 8b into Collective. 23764 | -3/Testing | Found Prototype Launcher 23765 | -3/Testing | Identified Z-bomb Delivery System 23817 | -3/Testing | Rewired PG-KB20N2QB5G 23821 | -3/Testing | Attached CPS modules to PG-KB20N2QB5G. 23858 | -3/Testing | Found Prototype Energy Cannon 23858 | -3/Testing | Identified Disintegrator 23882 | -3/Testing | Spotted PY-5PSXA7I1FB 23891 | -3/Testing | Allies destroyed PY-5PSXA7I1FB 23904 | -3/Testing | Found Prototype Device 23904 | -3/Testing | Identified Thermal Barrier 23907 | -3/Testing | Found Prototype Processor 23907 | -3/Testing | Identified Exp. Target Analyzer 24067 | -3/Testing | Discovered new exit (range 24) 24069 | -3/Testing | Assimilating Analyst 8c into Collective. 24116 | -3/Testing | Assimilating Analyst 8d into Collective. 24184 | -3/Testing | Identified Med. Regenerative Plating 24191 | -3/Testing | Found Prototype Energy Cannon 24200 | -3/Testing | Identified Potential Cannon 24282 | -3/Testing | Entered Research 24282 | -2/Research | Accompanied by 4 allies 24282 | -2/Research | Evolved 2 slots: Utility x2 24461 | -2/Research | Assimilating Artificer 9a into Collective. 24504 | -2/Research | Assimilating Warden 9a into Collective. 24580 | -2/Research | Unchained authorized (6S-H0T) 24605 | -2/Research | Discovered new exit (range 24) 25059 | -2/Research | Assimilating Master 9a into Collective. 25546 | -2/Research | Assimilating Terminator 9a into Collective. 25547 | -2/Research | Assimilating Terminator 9b into Collective. 25805 | -2/Research | Destroyed 6S-H0T 26001 | -2/Research | Entered Quarantine 26001 | -2/Quarantine | Accompanied by 1 ally 26088 | -2/Quarantine | Assimilating Expert 9a into Collective. 26189 | -2/Quarantine | Assimilating Conveyor 9a into Collective. 26216 | -2/Quarantine | Assimilating Enforcer 9a into Collective. 26230 | -2/Quarantine | Assimilating Enforcer 9b into Collective. 26314 | -2/Quarantine | Assimilating Master 9b into Collective. 26336 | -2/Quarantine | Assimilating Master 9c into Collective. 26350 | -2/Quarantine | Lost 4 allies 26427 | -2/Quarantine | Assimilating Expert 9b into Collective. 26443 | -2/Quarantine | Found Gamma Bomb Array 26490 | -2/Quarantine | Assimilating Enforcer 9c into Collective. 26574 | -2/Quarantine | Scanned by Researcher 26574 | -2/Quarantine | Assimilating Expert 9c into Collective. 26611 | -2/Quarantine | Found Prototype Launcher 26621 | -2/Quarantine | Identified Point Singularity Launcher 26663 | -2/Quarantine | Assimilating Master 9d into Collective. 26665 | -2/Quarantine | Assimilating Master 9e into Collective. 26670 | -2/Quarantine | Assimilating Master 9f into Collective. 26672 | -2/Quarantine | Assimilating Terminator 9c into Collective. 26692 | -2/Quarantine | Assimilating Terminator 9d into Collective. 26720 | -2/Quarantine | Lost 3 allies 26742 | -2/Quarantine | Found Alien Artifact 26844 | -2/Quarantine | Destroyed 8 combat bots 26872 | -2/Quarantine | Assimilating Expert 9d into Collective. 26893 | -2/Quarantine | Found Alien Artifact 26893 | -2/Quarantine | Identified Phase Redirector 26938 | -2/Quarantine | Assimilating Enforcer 9d into Collective. 26944 | -2/Quarantine | Assimilating Master 9g into Collective. 26949 | -2/Quarantine | Assimilating Master 9h into Collective. 26976 | -2/Quarantine | Assimilating Master 9i into Collective. 26988 | -2/Quarantine | Lost 4 allies 26992 | -2/Quarantine | Assimilating Enforcer 9e into Collective. 27017 | -2/Quarantine | Assimilating Serf 9a into Collective. 27055 | -2/Quarantine | Spotted Fortress 27072 | -2/Quarantine | Destroyed Fortress 27182 | -2/Quarantine | Discovered new exit (range 6) 27182 | -2/Quarantine | Discovered new exit (range 6) 27327 | -2/Quarantine | Build established: Scavenger-Mutant 27333 | -2/Quarantine | Entered Protoforge 27333 | -2/Protoforge | Accompanied by 1 ally 27360 | -2/Protoforge | Superfortress began startup sequence 27372 | -2/Protoforge | Spotted Hotshot 27381 | -2/Protoforge | Spotted Hotshot 27381 | -2/Protoforge | Spotted Hotshot 27383 | -2/Protoforge | Allies destroyed Hotshot 27383 | -2/Protoforge | Spotted Hotshot 27385 | -2/Protoforge | Spotted Hotshot 27391 | -2/Protoforge | Assimilating Hotshot into Collective. 27401 | -2/Protoforge | Assimilating Hotshot into Collective. 27415 | -2/Protoforge | Allies destroyed Hotshot 27415 | -2/Protoforge | Assimilating Hotshot into Collective. 27535 | -2/Protoforge | Spotted Hotshot 27540 | -2/Protoforge | Spotted Hotshot 27540 | -2/Protoforge | Spotted Hotshot 27542 | -2/Protoforge | Spotted Hotshot 27544 | -2/Protoforge | Spotted B-90 Cyclops 27553 | -2/Protoforge | Allies destroyed Hotshot 27559 | -2/Protoforge | Allies destroyed B-90 Cyclops 27565 | -2/Protoforge | Spotted Hotshot 27565 | -2/Protoforge | Allies destroyed Hotshot 27566 | -2/Protoforge | Spotted Hotshot 27567 | -2/Protoforge | Spotted Hotshot 27567 | -2/Protoforge | Allies destroyed Borg Hotshot 27569 | -2/Protoforge | Allies destroyed Hotshot 27570 | -2/Protoforge | Allies destroyed Hotshot 27571 | -2/Protoforge | Spotted Hotshot 27584 | -2/Protoforge | Allies destroyed Hotshot 27584 | -2/Protoforge | Allies destroyed Hotshot 27599 | -2/Protoforge | Allies destroyed Hotshot 27603 | -2/Protoforge | Allies destroyed Hotshot 27666 | -2/Protoforge | Assimilating Eye 9a into Collective. 27747 | -2/Protoforge | Spotted AP7-3 27778 | -2/Protoforge | Spotted AP7-3 27813 | -2/Protoforge | Lost 3 allies 27874 | -2/Protoforge | Assimilating Eye 9b into Collective. 27892 | -2/Protoforge | Assimilating Terminator 9e into Collective. 27917 | -2/Protoforge | Assimilating Terminator 9f into Collective. 27921 | -2/Protoforge | Assimilating Terminator 9g into Collective. 28083 | -2/Protoforge | First assault squad dispatched 28125 | -2/Protoforge | Assimilating Master 9j into Collective. 28226 | -2/Protoforge | Spotted Immortal 28233 | -2/Protoforge | Spotted Immortal 28235 | -2/Protoforge | Spotted Immortal 28242 | -2/Protoforge | Allies destroyed Immortal 28245 | -2/Protoforge | Assimilating Immortal into Collective. 28248 | -2/Protoforge | Assimilating Immortal into Collective. 28252 | -2/Protoforge | Found Prototype Device 28253 | -2/Protoforge | Identified Exp. Cloaking Device 28335 | -2/Protoforge | Lost 3 allies 28335 | -2/Protoforge | Assimilating Master 9k into Collective. 28366 | -2/Protoforge | Spotted Decapitator 28366 | -2/Protoforge | Spotted Decapitator 28366 | -2/Protoforge | Spotted Decapitator 28367 | -2/Protoforge | Spotted Decapitator 28367 | -2/Protoforge | Spotted Decapitator 28373 | -2/Protoforge | Destroyed Decapitator 28373 | -2/Protoforge | Destroyed Decapitator 28375 | -2/Protoforge | Destroyed Decapitator 28375 | -2/Protoforge | Destroyed Decapitator 28375 | -2/Protoforge | Destroyed Decapitator 28378 | -2/Protoforge | System corruption reached 10% 28398 | -2/Protoforge | Destroyed 8 combat bots 28440 | -2/Protoforge | Lost 7 parts (2p3n1u1w) 28449 | -2/Protoforge | System corruption reached 30% 28562 | -2/Protoforge | Discovered new exit (range 6) 28571 | -2/Protoforge | Entered Access 28571 | -1/Access | Evolved 2 slots: Propulsion x2 28610 | -1/Access | Assimilating Warden 10a into Collective. 28939 | -1/Access | Assimilating Master 10a into Collective. 28997 | -1/Access | Assimilating Enforcer 10a into Collective. 29024 | -1/Access | Lost 8 parts (1p5n2u) 29147 | -1/Access | Found Adv. Powered Armor 29150 | -1/Access | Found Adv. Powered Armor 29191 | -1/Access | Allied Derelicts emerged from ambush trap array 29231 | -1/Access | Lost 3 allies 29250 | -1/Access | Found Prototype Energy Gun 29250 | -1/Access | Identified Enh. Gamma Rifle 29258 | -1/Access | Lost 3 parts (1p2u) 29407 | -1/Access | Assimilating Conveyor 10a into Collective. 29453 | -1/Access | Assimilating Master 10b into Collective. 29466 | -1/Access | Assimilating Conveyor 10b into Collective. 29547 | -1/Access | Assimilating Conveyor 10c into Collective. 30234 | -1/Access | Unchained authorized (GL-D0S) 30257 | -1/Access | Build established: Executioner 30295 | -1/Access | System corruption reached 10% 30410 | -1/Access | Assimilating Serf 10a into Collective. 30414 | -1/Access | Assimilating Processor 10a into Collective. 30482 | -1/Access | Assimilating Terminator 10a into Collective. 30489 | -1/Access | Assimilating Terminator 10b into Collective. 30507 | -1/Access | Assimilating Master 10c into Collective. 30541 | -1/Access | Lost 4 allies 30558 | -1/Access | Assimilating Serf 10b into Collective. 30612 | -1/Access | Assimilating Conveyor 10d into Collective. 30708 | -1/Access | Build established: Mutant 30708 | -1/Access | Assimilating Serf 10c into Collective. 30717 | -1/Access | Assimilating Conveyor 10e into Collective. 30745 | -1/Access | Assimilating Serf 10d into Collective. 30780 | -1/Access | Assimilating Terminator 10c into Collective. 30795 | -1/Access | Assimilating Enforcer 10b into Collective. 30799 | -1/Access | Assimilating Enforcer 10c into Collective. 30852 | -1/Access | Lost 6 allies 31077 | -1/Access | Garrison activated, responded to threat 31202 | -1/Access | Destroyed 9 combat bots 31255 | -1/Access | System corruption reached 30% 31321 | -1/Access | First assault squad dispatched 31327 | -1/Access | Lost 7 parts (2p3n2u) 31433 | -1/Access | Lost 5 parts (4n1u) 31435 | -1/Access | Destroyed 8 combat bots 31464 | -1/Access | Core integrity fell below 50% 31527 | -1/Access | Destroyed 9 combat bots 31592 | -1/Access | Build established: Scavenger-Mutant 31592 | -1/Access | Lost 4 parts (1p1n1u1w) 31600 | -1/Access | High security lockdown imminent 31650 | -1/Access | Lost 11 parts (1p4n3u3w) 31652 | -1/Access | Core integrity fell below 20% 31676 | -1/Access | Destroyed 11 combat bots 31680 | -1/Access | High security lockdown engaged 31741 | -1/Access | Destroyed by G-73 Enforcer with Heavy Laser Last Messages --------------- 31700_ ALERT: Assault forces dispatched. 31704_ Detecting nearby Garrison Access. 31704_ W-44 Eye sends out distress signal. 31706_ C-45 Heavy ARC bursts open, deploying its payload. 31706_ G-73 Enforcer unfolds itself. 31706_ E-15 Imp unfolds itself. 31706_ Critical hit (Burn: +37). 31706_ Dropped Exp. Matter Compressor. 31707_ Med. Treads blown off. 31707_ Biometal Leg blown off. 31707_ E-15 Imp destroyed. 31707_ Penetrated by Slug. 31707_ Slug penetrates Wall. 31708_ Acquired Med. Treads. 31708_ Med. Treads destroyed. 31708_ Critical hit (Burn: +37). 31711_ System corrupted: Matter fused (-10). 31711_ Core Analyzer destroyed. 31725_ Acquired Adv. Medium Treads. 31733_ System corrupted: Component data lost. Map ----- +----------------------------------------------------+ | ?????????????????????""" ? ## ## + ## | | ????????????????????? ? ## ## # ## | | ??????????????????? + + " # ## | | ???????????????????###########+# ## """ # ## | | ????????? #################### ## """ # ## | | ????????? #################### ## " # ## | | ????????? # ##?######### ## | | ????????? # = !! ##?######### ## | | ????????? + "=%= ##??## ## | | ????????? # ######+#####+##### ##??## ## | | ????????? # ## % # ## ##??## ## | | ????????? # ###### # ????????????# # | | ????????? + ######"" # ??????????????"T ? | | ????????? ###+##+##??##"" # ??????????????"" ? | | ?????????##* ##??##"" # ???????????????? ? | | ?????????## ##??##G # ?????????????????? | | ?????????## ######"" ##?????????????????? | | ?????????## #####?"" ##?????????????????? | | ?????????## / ##??" ##?????????????????? | | ?????????## ## ##?? ##?????????????????? | | ?????????########## ##? + ?????????????????? | | ?????????########## ############?????????????????? | | ?????????????######/############# ?? ?????????? | | ?????????????## !######### ????????? | | ?????????????## # ????????? | | ?????????????## " #@ ????????? | | ?????????????## """ ; ????????? | | ?????????????## """ # g ????????? | | ?????????????## " # g ?????????? | | ?????????????## ## g ?????????? | | ?????????????##! ## g g ??????????? | | ?????????????#############"" ??????????? | | ?????????????#############"" ??????????? | | ??????????????????????????"T ???????????? | | ??????????????????????????"" ???????????? | | ???????????????????????????? ????????????? | | ????????????????????????????? ????????????? | | ?????????????????????????????? ?????????????? | | ??????????????????????????????? ???????????????? | | ?????????????????????????????????????????????????? | | ?????????????????????????????????????????????????? | | ?????????????????????????????????????????????????? | | ?????????????????????????????????????????????????? | | ?????????????????????????????????????????????????? | | ?????????????????????????????????????????????????? | | ?????????????????????????????????????????????????? | | ?????????????????????????????????????????????????? | | ?????????????????????????????????????????????????? | | ?????????????????????????????????????????????????? | | | +----------------------------------------------------+ Best States ------------- Heat Dissipation 121 Coolant Potential 100 Energy Generation 54 Energy Capacity 2090 Matter Stores 700 Matter Capacity 800 Sight Range 24 Robot Scan Range 16 Terrain Scan Range 24 Terrain Scan Density 1010 Jamming Range 14 Cloak Strength 5 Power Amplification 30 Corruption Block 20 Armor Coverage 3800 Resistance: TH 50 Resistance: EM 50 Power Shielding 66 Propulsion Shielding 33 Utility Shielding 66 Weapon Shielding 90 Point Defense Rating 240 Evasion (%) 50 Core Analysis 6 Recoil Reduction 8 Matter Filtering 50 Particle Charging 20 Offensive Hacking 30 Relay Coupler Types 4 Relay Coupler Value 67 Authchip Count 1 Trap Extractor Capacity 6 Item Schematics ----------------- Huge Storage Unit | -10/Materials | Hacked Cargo Storage Unit | -10/Materials | Hacked Adv. Treads | -8/Recycling | Hacked System Restoration Module | -8/Recycling | Hacked Gravmag System | -8/Recycling | Hacked Gravity Flail | -3/Testing | Archive Com. Mass Driver | -3/Testing | Archive Nanosword | -3/Testing | Archive Exp. Cooling System | -2/Research | Archive Exp. Targeting Computer | -2/Quarantine | Archive Exp. Gyrokinetic Inverter | -2/Quarantine | Archive Adv. Remote Shield | -2/Quarantine | Archive Hvy. Hardcell Cannon | -2/Quarantine | Archive Hellfire Missile Launcher | -2/Quarantine | Archive Shock Maul | -2/Quarantine | Archive Thermal Defense Suite | -2/Quarantine | Archive Enh. Multireflex Exoskeleton | -2/Quarantine | Archive Centrium Heavy Armor Plating | -2/Quarantine | Archive Adv. EM Disruption Field | -2/Quarantine | Archive Com. Linear Accelerator | -2/Quarantine | Archive Exp. Signal Interpreter | -2/Quarantine | Archive System Purifier | -2/Quarantine | Archive Robot Schematics ------------------ M-13 Machinist | -8/Materials | Hacked C-55 Analyst | -3/Research | Hacked T-07 Excavator | -3/Testing | Archive O-32 Director | -2/Research | Archive A-27 Freighter | -2/Quarantine | Archive S-43 Plague | -2/Quarantine | Archive A-02 Transporter | -2/Quarantine | Archive K-01 Serf | -2/Quarantine | Archive R-06 Scavenger | -2/Quarantine | Archive Fabricated ------------ Thunder Leg | x2 | -6/Factory | Preloaded M-13 Machinist | x1 | -5/Factory | Authchip A-15 Conveyor | x1 | -5/Factory | Preloaded Y-64 Sentinel | x2 | -4/Factory | Preloaded Repaired ---------- Powered Armor | 45% | -8/Storage Studied --------- Arm. Huge Wheel | -4/Factory | Hacked Alien Tech Used ----------------- Phase Redirector Achievements -------------- Be The Sidekick Morally Flexible Please No, Not That Challenges ------------ None Game ------ Seed AntigravPiercingGutpuncher Manual? 0 Play Time 07:00:04 Cumulative 1273.9 hours Start 2026.01.21 @ 12:27:26 End 2026.01.22 @ 00:35:20 Sessions 3 Manual Loads 0 Difficulty Rogue Special Mode None Game No. 435 Rogue 430 Adventurer 4 Explorer 1 Win Type - Total 28 Types 15/5/1/2/0/1/1/0/2/1 Lore% 97 Gallery% 96 Achievement% 83 Wizard Run 0 Options --------- Layout 0 ASCII 0 Keyboard 0 Movement Numpad Keybinds 0 Fullscreen 2 Font 18/SmallcapsGlow Map View 76x50 Zoom Use 0% Tactical HUD 1 Map Filters NONE Filters NONE Steam 1 RUN: d698c548-7a9e-40cc-afce-2cc07b6f16d0